Workbook
Name base_mr: [1]Base_MR!$B$3:$BG$104
Name base_ppi: [1]Base_PPI!$B$3:$LD$342
Name DIMENSION: [1]Datos_calculos!$B$796:$B$801
Name ENTIDAD: [1]Datos_calculos!$C$244:$W$244
Name METASP: [1]Base_PPI!$B$4:$B$342
Name PE: [1]PE!$C$3:$AL$1644

Sheet DETALLE POR METAS 
B2: ALCALDIA MUNICIPAL DE CAJICA -
B3: RELACION COMPARATIVA - PRESUPUESTO INIICAL - PRESUPUESTO 2024 - 2025 - 2026 - 2027
I4: AÑO 2024 | M4: AÑO 2025 | Q4: AÑO 2026 CON CORTE A 28 DE SEPTIEMBRE
B5: DIMENSIÓN | C5: SECTOR | D5: PROGRAMA | E5: SUBPROGRAMA | F5: No. Meta | G5: Responsable | H5: DESCRIPCIÓN META | I5: PRESUPUESTO INICIAL | J5: TOTAL APROPIADO | K5: PRESUPUESTO EJECUTADO | L5: % EJECUCIÓN PRESUPUESTAL | M5: PRESUPUESTO INICIAL | N5: TOTAL APROPIADO | O5: PRESUPUESTO EJECUTADO | P5: % EJECUCIÓN PRESUPUESTAL | Q5: PRESUPUESTO INICIAL | R5: TOTAL APROPIADO | S5: PRESUPUESTO EJECUTADO | T5: PAGOS | U5: % EJECUCIÓN PRESUPUESTAL
B6: 1. CAJICÁ IDEAL AMBIENTAL Y SOSTENIBLE | C6: 32. Ambiente y desarrollo sostenible | D6: 1. Cajicá por la sostenibilidad ambiental | E6: 1. Sostenibilidad | F6: 1 | G6: Secretaría Ambiente y Desarrollo Rural | H6: =IFERROR(VLOOKUP($F6,base_ppi,[1]Base_PPI!$T$1,FALSE),"") -> Elaborar y ejecutar 1 Plan anual para la adquisición de predios, protección y mantenimiento de áreas de reserva hídrica. SRB - ORDEN 4.8 - 4,25 | I6: 4899074093 | J6: 4899074093 | K6: 7800000 | L6: 0.0015921376 | M6: 1103886471 | N6: 6.4093224e+09 | O6: 1.3846421e+09 | P6: 0.21603565 | Q6: 6797486041 | R6: 1.9519928e+08 | S6: 1.9519928e+08 | T6: 92093892 | U6: 0.028716392
B7: 1. CAJICÁ IDEAL AMBIENTAL Y SOSTENIBLE | C7: 32. Ambiente y desarrollo sostenible | D7: 1. Cajicá por la sostenibilidad ambiental | E7: 1. Sostenibilidad | F7: 2 | G7: Secretaría Ambiente y Desarrollo Rural | H7: =IFERROR(VLOOKUP($F7,base_ppi,[1]Base_PPI!$T$1,FALSE),"") -> Desarrollar 1 estrategia anual para el seguimiento, monitoreo y verificación al cumplimiento de las órdenes de la Sentencia del Río Bogotá. SRB - ORDEN 4.8 - 4.13 - 4.15 - 4,72 - 4,73 | I7: 19200000 | J7: 19200000 | K7: 19200000 | L7: 1 | M7: 20400000 | N7: 5000000 | O7: 0 | P7: 0 | Q7: 0 | R7: 0 | S7: 0 | T7: 0 | U7: NE
B8: 1. CAJICÁ IDEAL AMBIENTAL Y SOSTENIBLE | C8: 32. Ambiente y desarrollo sostenible | D8: 1. Cajicá por la sostenibilidad ambiental | E8: 1. Sostenibilidad | F8: 3 | G8: Secretaría Ambiente y Desarrollo Rural | H8: =IFERROR(VLOOKUP($F8,base_ppi,[2]Base_PPI!$T$1,FALSE),"") -> Realizar 1 acción anual de articulación con el POMCA - Plan de Ordenación y Manejo de Cuenca del Río Bogotá - SRB ORDEN 4,8 - 4.10 -4.17 | I8: 0 | J8: 0 | K8: 0 | L8: NE | M8: 12792000 | N8: 12792000 | O8: 12792000 | P8: 1 | Q8: 19400000 | R8: 19400000 | S8: 19400000 | T8: 7427776 | U8: 1
B9: 1. CAJICÁ IDEAL AMBIENTAL Y SOSTENIBLE | C9: 32. Ambiente y desarrollo sostenible | D9: 1. Cajicá por la sostenibilidad ambiental | E9: 1. Sostenibilidad | F9: 4 | G9: Secretaría Ambiente y Desarrollo Rural | H9: Elaborar e Implementar 1 Plan de Manejo Ambiental para la Recuperación y Conservación del Río Frío y sus afluentes - SRB ORDEN 4,19- 4.10 - 4.19 | I9: 0 | J9: 0 | K9: 0 | L9: NE | M9: 12792000 | N9: 12792000 | O9: 12792000 | P9: 1 | Q9: 11500000 | R9: 5500000 | S9: 5500000 | T9: 4661111 | U9: 0.47826087
B10: 1. CAJICÁ IDEAL AMBIENTAL Y SOSTENIBLE | C10: 32. Ambiente y desarrollo sostenible | D10: 1. Cajicá por la sostenibilidad ambiental | E10: 1. Sostenibilidad | F10: 5 | G10: Secretaría Ambiente y Desarrollo Rural | H10: =IFERROR(VLOOKUP($F10,base_ppi,[1]Base_PPI!$T$1,FALSE),"") -> Desarrollar 1 campaña anual de concientización a la sociedad civil para proteger las áreas de conservación ambiental. Srb Orden 4.19 | I10: 0 | J10: 0 | K10: 0 | L10: NE | M10: 12792000 | N10: 9416000 | O10: 9416000 | P10: 1 | Q10: 13500000 | R10: 11500000 | S10: 11500000 | T10: 9794446 | U10: 0.85185185
B11: 1. CAJICÁ IDEAL AMBIENTAL Y SOSTENIBLE | C11: 32. Ambiente y desarrollo sostenible | D11: 1. Cajicá por la sostenibilidad ambiental | E11: 1. Sostenibilidad | F11: 6 | G11: Secretaría Ambiente y Desarrollo Rural | H11: =IFERROR(VLOOKUP($F11,base_ppi,[1]Base_PPI!$T$1,FALSE),"") -> Realizar 1 gestión jurídica con la autoridad ambiental y entes de control ambiental para posibilitar la sustracción de área de reserva para poder legalizar nativos de la zona de La Cumbre ubicados por más de 20 años | I11: 10250000 | J11: 10250000 | K11: 10250000 | L11: 1 | M11: 12792000 | N11: 12792000 | O11: 12792000 | P11: 1 | Q11: 28600000 | R11: 28600000 | S11: 28600000 | T11: 13000000 | U11: 1
B12: 1. CAJICÁ IDEAL AMBIENTAL Y SOSTENIBLE | C12: 32. Ambiente y desarrollo sostenible | D12: 1. Cajicá por la sostenibilidad ambiental | E12: 1. Sostenibilidad | F12: 7 | G12: Secretaría Ambiente y Desarrollo Rural | H12: =IFERROR(VLOOKUP($F12,base_ppi,[1]Base_PPI!$T$1,FALSE),"") -> Realizar 1 campaña anual para la divulgación, promoción, prevención de la Infracción Ambiental como medida preventiva | I12: 11214031 | J12: 7788471 | K12: 7318471 | L12: 0.93965439 | M12: 12792000 | N12: 12792000 | O12: 12792000 | P12: 1 | Q12: 22000000 | R12: 21750000 | S12: 21750000 | T12: 13000000 | U12: 0.98863636
B13: 1. CAJICÁ IDEAL AMBIENTAL Y SOSTENIBLE | C13: 32. Ambiente y desarrollo sostenible | D13: 1. Cajicá por la sostenibilidad ambiental | E13: 1. Sostenibilidad | F13: 8 | G13: Secretaría Ambiente y Desarrollo Rural | H13: =IFERROR(VLOOKUP($F13,base_ppi,[1]Base_PPI!$T$1,FALSE),"") -> Realizar 3 campañas anuales de capacitación para concientizar en la contaminación auditiva, atmosférica y visual | I13: 0 | J13: 0 | K13: 0 | L13: NE | M13: 21320000 | N13: 21320000 | O13: 21320000 | P13: 1 | Q13: 44849527 | R13: 22645895 | S13: 22645895 | T13: 15400000 | U13: 0.50493052
B14: 1. CAJICÁ IDEAL AMBIENTAL Y SOSTENIBLE | C14: 32. Ambiente y desarrollo sostenible | D14: 1. Cajicá por la sostenibilidad ambiental | E14: 1. Sostenibilidad | F14: 9 | G14: Secretaría Ambiente y Desarrollo Rural | H14: =IFERROR(VLOOKUP($F14,base_ppi,[1]Base_PPI!$T$1,FALSE),"") -> Elaborar y desarrollar 1 estrategia anual de apoyo, formación y seguimiento al desempeño ambiental del sector productivo del municipio | I14: 0 | J14: 0 | K14: 0 | L14: NE | M14: 25584000 | N14: 21320000 | O14: 21320000 | P14: 1 | Q14: 17650000 | R14: 17650000 | S14: 17650000 | T14: 13650000 | U14: 1
B15: 1. CAJICÁ IDEAL AMBIENTAL Y SOSTENIBLE | C15: 32. Ambiente y desarrollo sostenible | D15: 1. Cajicá por la sostenibilidad ambiental | E15: 2. Información Ambiental | F15: 10 | G15: Secretaría Ambiente y Desarrollo Rural | H15: =IFERROR(VLOOKUP($F15,base_ppi,[1]Base_PPI!$T$1,FALSE),"") -> Actualizar e implementar al 100% el plan de acción anual del SIGAM - Sistema de Gestión Ambiental Municipal - Agenda Ambiental para el municipio | I15: 11666666 | J15: 11666666 | K15: 11616667 | L15: 0.99571437 | M15: 12792000 | N15: 12792000 | O15: 12792000 | P15: 1 | Q15: 15500000 | R15: 15500000 | S15: 15500000 | T15: 9500000 | U15: 1
B16: 1. CAJICÁ IDEAL AMBIENTAL Y SOSTENIBLE | C16: 32. Ambiente y desarrollo sostenible | D16: 1. Cajicá por la sostenibilidad ambiental | E16: 2. Información Ambiental | F16: 11 | G16: Secretaría Ambiente y Desarrollo Rural | H16: =IFERROR(VLOOKUP($F16,base_ppi,[1]Base_PPI!$T$1,FALSE),"") -> Levantar 1 Inventario del patrimonio natural de flora, fauna y forestal | I16: 0 | J16: 0 | K16: 0 | L16: NE | M16: 0 | N16: 0 | O16: 0 | P16: NE | Q16: 0 | R16: 0 | S16: 0 | T16: 0 | U16: NE
B17: 1. CAJICÁ IDEAL AMBIENTAL Y SOSTENIBLE | C17: 32. Ambiente y desarrollo sostenible | D17: 1. Cajicá por la sostenibilidad ambiental | E17: 3. Recurso Hídrico | F17: 12 | G17: Secretaría Ambiente y Desarrollo Rural | H17: =IFERROR(VLOOKUP($F17,base_ppi,[1]Base_PPI!$T$1,FALSE),"") -> Formular e implementar anualmente al 100% el plan de acción de la Política Pública Municipal para la Gestión Integral del Agua. SRB Orden 4.23 | I17: 287864508 | J17: 287864508 | K17: 200000000 | L17: 0.69477131 | M17: 154397759 | N17: 276178286 | O17: 2.6668329e+08 | P17: 0.96562006 | Q17: 351093533 | R17: 276204567 | S17: 285204567 | T17: 1.8659818e+08 | U17: 0.78669796
B18: 1. CAJICÁ IDEAL AMBIENTAL Y SOSTENIBLE | C18: 32. Ambiente y desarrollo sostenible | D18: 1. Cajicá por la sostenibilidad ambiental | E18: 3. Recurso Hídrico | F18: 13 | G18: Secretaría Ambiente y Desarrollo Rural | H18: =IFERROR(VLOOKUP($F18,base_ppi,[1]Base_PPI!$T$1,FALSE),"") -> Implementar al 100% el plan de acción anual del Programa de Uso Eficiente y Ahorro del Agua - PUEAA SRB Orden 4.33 | I18: 0 | J18: 0 | K18: 0 | L18: NE | M18: 321320000 | N18: 542500000 | O18: 538129400 | P18: 0.99194359 | Q18: 500000000 | R18: 500000000 | S18: 500000000 | T18: 500000000 | U18: 1
B19: 1. CAJICÁ IDEAL AMBIENTAL Y SOSTENIBLE | C19: 32. Ambiente y desarrollo sostenible | D19: 1. Cajicá por la sostenibilidad ambiental | E19: 4. Educación Ambiental | F19: 14 | G19: Secretaría Ambiente y Desarrollo Rural | H19: =IFERROR(VLOOKUP($F19,base_ppi,[1]Base_PPI!$T$1,FALSE),"") -> Implementar 1 Plan Municipal anual de Educación Ambiental. SRB Orden 4.71 | I19: 10000000 | J19: 10000000 | K19: 9990000 | L19: 0.999 | M19: 46904000 | N19: 46904000 | O19: 46872175 | P19: 0.99932149 | Q19: 35000000 | R19: 35000000 | S19: 35000000 | T19: 30400000 | U19: 1
B20: 1. CAJICÁ IDEAL AMBIENTAL Y SOSTENIBLE | C20: 32. Ambiente y desarrollo sostenible | D20: 1. Cajicá por la sostenibilidad ambiental | E20: 4. Educación Ambiental | F20: 15 | G20: Secretaría Ambiente y Desarrollo Rural | H20: =IFERROR(VLOOKUP($F20,base_ppi,[1]Base_PPI!$T$1,FALSE),"") -> Implementar 1 Plan Institucional de Gestión Ambiental - PIGA - anualmente para disminuir la Huella de Carbono | I20: 3300330 | J20: 3300330 | K20: 3300330 | L20: 1 | M20: 25584000 | N20: 25584000 | O20: 25252352 | P20: 0.9870369 | Q20: 13000000 | R20: 0 | S20: 0 | T20: 0 | U20: 0
B21: 1. CAJICÁ IDEAL AMBIENTAL Y SOSTENIBLE | C21: 32. Ambiente y desarrollo sostenible | D21: 1. Cajicá por la sostenibilidad ambiental | E21: 4. Educación Ambiental | F21: 16 | G21: Secretaría Ambiente y Desarrollo Rural | H21: =IFERROR(VLOOKUP($F21,base_ppi,[1]Base_PPI!$T$1,FALSE),"") -> Elaborar e Implementar 1 Plan Municipal anual para promocionar y fomentar la Economía Circular | I21: 0 | J21: 0 | K21: 0 | L21: NE | M21: 22800000 | N21: 19649494 | O21: 19649494 | P21: 1 | Q21: 25100000 | R21: 21566667 | S21: 21566667 | T21: 14500000 | U21: 0.85922976
B22: 1. CAJICÁ IDEAL AMBIENTAL Y SOSTENIBLE | C22: 32. Ambiente y desarrollo sostenible | D22: 1. Cajicá por la sostenibilidad ambiental | E22: 4. Educación Ambiental | F22: 17 | G22: Secretaría Ambiente y Desarrollo Rural | H22: =IFERROR(VLOOKUP($F22,base_ppi,[1]Base_PPI!$T$1,FALSE),"") -> Elaborar e Implementar 1 Plan Municipal anual para el desarrollo y la competitividad de la actividad del reciclaje en Cajicá | I22: 129754990 | J22: 129754990 | K22: 0 | L22: 0 | M22: 215801027 | N22: 6.0833937e+08 | O22: 595813900 | P22: 0.97941038 | Q22: 228758359 | R22: 0 | S22: 0 | T22: 0 | U22: 0
B23: 1. CAJICÁ IDEAL AMBIENTAL Y SOSTENIBLE | C23: 32. Ambiente y desarrollo sostenible | D23: 1. Cajicá por la sostenibilidad ambiental | E23: 4. Educación Ambiental | F23: 18 | G23: Secretaría Ambiente y Desarrollo Rural | H23: =IFERROR(VLOOKUP($F23,base_ppi,[1]Base_PPI!$T$1,FALSE),"") -> Realizar 5 campañas anuales acuerdo 11 de 2020 Fortaleza ambiental | I23: 0 | J23: 0 | K23: 0 | L23: NE | M23: 0 | N23: 0 | O23: 0 | P23: NE | Q23: 0 | R23: 0 | S23: 0 | T23: 0 | U23: NE
B24: 1. CAJICÁ IDEAL AMBIENTAL Y SOSTENIBLE | C24: 32. Ambiente y desarrollo sostenible | D24: 1. Cajicá por la sostenibilidad ambiental | E24: 5. Cajicá Verde | F24: 19 | G24: Secretaría Ambiente y Desarrollo Rural | H24: =IFERROR(VLOOKUP($F24,base_ppi,[1]Base_PPI!$T$1,FALSE),"") -> Implementar 1 Campaña anual de identificación, promoción y apoyo de Negocios Verdes - Biocomercio | I24: 0 | J24: 0 | K24: 0 | L24: NE | M24: 0 | N24: 0 | O24: 0 | P24: NE | Q24: 0 | R24: 0 | S24: 0 | T24: 0 | U24: NE
B25: 1. CAJICÁ IDEAL AMBIENTAL Y SOSTENIBLE | C25: 32. Ambiente y desarrollo sostenible | D25: 1. Cajicá por la sostenibilidad ambiental | E25: 6. Cambio Climático | F25: 20 | G25: Secretaría Ambiente y Desarrollo Rural | H25: =IFERROR(VLOOKUP($F25,base_ppi,[1]Base_PPI!$T$1,FALSE),"") -> Formular e implementar anualmente al 100% el Plan Integral de Gestión de Cambio Climático | I25: 0 | J25: 0 | K25: 0 | L25: NE | M25: 21320000 | N25: 11320000 | O25: 11320000 | P25: 1 | Q25: 25600000 | R25: 25600000 | S25: 25600000 | T25: 9312383 | U25: 1
B26: 1. CAJICÁ IDEAL AMBIENTAL Y SOSTENIBLE | C26: 32. Ambiente y desarrollo sostenible | D26: 1. Cajicá por la sostenibilidad ambiental | E26: 6. Cambio Climático | F26: 21 | G26: Secretaría Ambiente y Desarrollo Rural | H26: =IFERROR(VLOOKUP($F26,base_ppi,[1]Base_PPI!$T$1,FALSE),"") -> Elaborar y desarrollar 1 Plan anual de forestación, reforestación y restauración de áreas - suelos. SRB orden 4.24 | I26: 84500000 | J26: 84500000 | K26: 0 | L26: 0 | M26: 46904000 | N26: 96904000 | O26: 96904000 | P26: 1 | Q26: 108946228 | R26: 42380000 | S26: 42380000 | T26: 32405862 | U26: 0.38899924
B27: 1. CAJICÁ IDEAL AMBIENTAL Y SOSTENIBLE | C27: 32. Ambiente y desarrollo sostenible | D27: 1. Cajicá por la sostenibilidad ambiental | E27: 6. Cambio Climático | F27: 22 | G27: Secretaría Ambiente y Desarrollo Rural | H27: =IFERROR(VLOOKUP($F27,base_ppi,[1]Base_PPI!$T$1,FALSE),"") -> Realizar 1 campaña anual de promoción, fomento y del Uso de Energías Sostenibles y Renovables | I27: 0 | J27: 0 | K27: 0 | L27: NE | M27: 0 | N27: 0 | O27: 0 | P27: NE | Q27: 0 | R27: 0 | S27: 0 | T27: 0 | U27: NE
B28: 1. CAJICÁ IDEAL AMBIENTAL Y SOSTENIBLE | C28: 32. Ambiente y desarrollo sostenible | D28: 1. Cajicá por la sostenibilidad ambiental | E28: 7. Turismo sostenible | F28: 23 | G28: Secretaría Ambiente y Desarrollo Rural | H28: =IFERROR(VLOOKUP($F28,base_ppi,[1]Base_PPI!$T$1,FALSE),"") -> Realizar la 1 fase de adecuación de 1 Sendero Ecológico - Sector Quebrada del Campo hasta sector La Cumbre | I28: 412295357 | J28: 412295357 | K28: 412295357 | L28: 1 | M28: 0 | N28: 0 | O28: 0 | P28: NE | Q28: 288606750 | R28: 0 | S28: 0 | T28: 0 | U28: 0
B29: 1. CAJICÁ IDEAL AMBIENTAL Y SOSTENIBLE | C29: 40. Vivienda, Ciudad y Territorio | D29: 2. Cajicá habitable y sostenible | E29: 8. Acueducto | F29: 24 | G29: Secretaría Ambiente y Desarrollo Rural | H29: =IFERROR(VLOOKUP($F29,base_ppi,[1]Base_PPI!$T$1,FALSE),"") -> Realizar 1 transferencia anual al Plan Departamental de Aguas- PDA | I29: 2005312078 | J29: 2005312078 | K29: 1000437889 | L29: 0.49889386 | M29: 1961702221 | N29: 2.4373962e+09 | O29: 2.4373952e+09 | P29: 0.99999959 | Q29: 1610754303 | R29: 1610754303 | S29: 1610754303 | T29: 757530447 | U29: 1
B30: 1. CAJICÁ IDEAL AMBIENTAL Y SOSTENIBLE | C30: 40. Vivienda, Ciudad y Territorio | D30: 2. Cajicá habitable y sostenible | E30: 8. Acueducto | F30: 25 | G30: Secretaría Ambiente y Desarrollo Rural | H30: =IFERROR(VLOOKUP($F30,base_ppi,[1]Base_PPI!$T$1,FALSE),"") -> Realizar 1 transferencia anual para el pago del subsidio de acueducto | I30: 59000000 | J30: 59000000 | K30: 0 | L30: 0 | M30: 94053390 | N30: 3827451630 | O30: 0 | P30: 0 | Q30: 5763391419 | R30: 371501163 | S30: 371501163 | T30: 371501163 | U30: 0.064458777
B31: 1. CAJICÁ IDEAL AMBIENTAL Y SOSTENIBLE | C31: 40. Vivienda, Ciudad y Territorio | D31: 2. Cajicá habitable y sostenible | E31: 8. Acueducto | F31: 26 | G31: Secretaría de Planeación | H31: =IFERROR(VLOOKUP($F31,base_ppi,[1]Base_PPI!$T$1,FALSE),"") -> Asignar el 100% de los recursos necesarios para garantizar los servicios prestados por la EPC para cubrir el mínimo vital de los estratos que resulten del análisis de la información | I31: 4133235478 | J31: 4133235478 | K31: 0 | L31: 0 | M31: 966667048 | N31: 0 | O31: 0 | P31: NE | Q31: 60000000 | R31: 0 | S31: 0 | T31: 0 | U31: 0
B32: 1. CAJICÁ IDEAL AMBIENTAL Y SOSTENIBLE | C32: 40. Vivienda, Ciudad y Territorio | D32: 2. Cajicá habitable y sostenible | E32: 8. Acueducto | F32: 27 | G32: EPC | H32: =IFERROR(VLOOKUP($F32,base_ppi,[1]Base_PPI!$T$1,FALSE),"") -> Implementar al 100% el Plan de acción anual del Plan Maestro de Acueducto | I32: 4200000000 | J32: 4200000000 | K32: 4192061980 | L32: 0.99811 | M32: 870000000 | N32: 1.2711463e+09 | O32: 1.2711463e+09 | P32: 1 | Q32: 9326140570 | R32: 5253476677 | S32: 5253476677 | T32: 5253476677 | U32: 0.56330662
B33: 1. CAJICÁ IDEAL AMBIENTAL Y SOSTENIBLE | C33: 40. Vivienda, Ciudad y Territorio | D33: 2. Cajicá habitable y sostenible | E33: 8. Acueducto | F33: 28 | G33: EPC | H33: =IFERROR(VLOOKUP($F33,base_ppi,[1]Base_PPI!$T$1,FALSE),"") -> Realizar 1 gestión con otros niveles de gobierno para desarrollar alternativas de abastecimiento municipal como concesión de aguas. SRB orden 4.34 | I33: 0 | J33: 0 | K33: 0 | L33: NE | M33: 0 | N33: 0 | O33: 0 | P33: NE | Q33: 0 | R33: 0 | S33: 0 | T33: 0 | U33: NE
B34: 1. CAJICÁ IDEAL AMBIENTAL Y SOSTENIBLE | C34: 40. Vivienda, Ciudad y Territorio | D34: 2. Cajicá habitable y sostenible | E34: 8. Acueducto | F34: 29 | G34: EPC | H34: =IFERROR(VLOOKUP($F34,base_ppi,[1]Base_PPI!$T$1,FALSE),"") -> Terminar la construcción de 1 tanque de compensación de 10.000 metros cúbicos de agua potable - | I34: 896225259 | J34: 1.2962251e+09 | K34: 1287186007 | L34: 0.99302663 | M34: 0 | N34: 400000000 | O34: 400000000 | P34: 1 | Q34: 0 | R34: 0 | S34: 0 | T34: 0 | U34: NE
B35: 1. CAJICÁ IDEAL AMBIENTAL Y SOSTENIBLE | C35: 40. Vivienda, Ciudad y Territorio | D35: 2. Cajicá habitable y sostenible | E35: 8. Acueducto | F35: 30 | G35: EPC | H35: =IFERROR(VLOOKUP($F35,base_ppi,[1]Base_PPI!$T$1,FALSE),"") -> Gestionar la construcción de 1 tanque de compensación de 10.000 metros cúbicos de agua potable | I35: 0 | J35: 0 | K35: 0 | L35: NE | M35: 0 | N35: 0 | O35: 0 | P35: NE | Q35: 0 | R35: 0 | S35: 0 | T35: 0 | U35: NE
B36: 1. CAJICÁ IDEAL AMBIENTAL Y SOSTENIBLE | C36: 40. Vivienda, Ciudad y Territorio | D36: 2. Cajicá habitable y sostenible | E36: 8. Acueducto | F36: 31 | G36: EPC | H36: =IFERROR(VLOOKUP($F36,base_ppi,[1]Base_PPI!$T$1,FALSE),"") -> Gestionar la construcción de 1 estación de bombeo con la construcción de 2 tanques de 2.500 metros cúbicos cada uno | I36: 1796000000 | J36: 1796000000 | K36: 1794004073 | L36: 0.99888868 | M36: 856347827 | N36: 1.0593949e+09 | O36: 1.0593949e+09 | P36: 1 | Q36: 0 | R36: 0 | S36: 0 | T36: 0 | U36: NE
B37: 1. CAJICÁ IDEAL AMBIENTAL Y SOSTENIBLE | C37: 40. Vivienda, Ciudad y Territorio | D37: 2. Cajicá habitable y sostenible | E37: 8. Acueducto | F37: 32 | G37: EPC | H37: =IFERROR(VLOOKUP($F37,base_ppi,[1]Base_PPI!$T$1,FALSE),"") -> Optimizar y mantener en funcionamiento 1 Sistema de Acueducto Municipal. SRB 4,53 | I37: 660000000 | J37: 660000000 | K37: 659843100 | L37: 0.99976227 | M37: 0 | N37: 0 | O37: 0 | P37: NE | Q37: 0 | R37: 0 | S37: 0 | T37: 0 | U37: NE
B38: 1. CAJICÁ IDEAL AMBIENTAL Y SOSTENIBLE | C38: 40. Vivienda, Ciudad y Territorio | D38: 2. Cajicá habitable y sostenible | E38: 8. Acueducto | F38: 33 | G38: Secretaría de Planeación | H38: =IFERROR(VLOOKUP($F38,base_ppi,[1]Base_PPI!$T$1,FALSE),"") -> Realizar 1 reporte anual en el SUI - Sistema Único de Información de la Superintendencia de Servicios Públicos | I38: 3900000 | J38: 3900000 | K38: 3900000 | L38: 1 | M38: 44187000 | N38: 41642900 | O38: 41642900 | P38: 1 | Q38: 43443855 | R38: 43443750 | S38: 43443750 | T38: 28962500 | U38: 0.99999758
B39: 1. CAJICÁ IDEAL AMBIENTAL Y SOSTENIBLE | C39: 40. Vivienda, Ciudad y Territorio | D39: 2. Cajicá habitable y sostenible | E39: 8. Acueducto | F39: 34 | G39: EPC | H39: =IFERROR(VLOOKUP($F39,base_ppi,[1]Base_PPI!$T$1,FALSE),"") -> Mantener actualizado 1 Catastro de redes del servicio de acueducto y alcantarillado | I39: 0 | J39: 0 | K39: 0 | L39: NE | M39: 0 | N39: 0 | O39: 0 | P39: NE | Q39: 0 | R39: 0 | S39: 0 | T39: 0 | U39: NE
B40: 1. CAJICÁ IDEAL AMBIENTAL Y SOSTENIBLE | C40: 40. Vivienda, Ciudad y Territorio | D40: 2. Cajicá habitable y sostenible | E40: 9. Alcantarillado | F40: 35 | G40: Secretaría Ambiente y Desarrollo Rural | H40: =IFERROR(VLOOKUP($F40,base_ppi,[1]Base_PPI!$T$1,FALSE),"") -> Realizar 1 transferencia anual para el pago del subsidio de alcantarillado | I40: 67000000 | J40: 67000000 | K40: 0 | L40: 0 | M40: 106806392 | N40: 8.2073651e+08 | O40: 91078084 | P40: 0.11097116 | Q40: 1472814195 | R40: 262992603 | S40: 287528560 | T40: 262992603 | U40: 0.17856469
B41: 1. CAJICÁ IDEAL AMBIENTAL Y SOSTENIBLE | C41: 40. Vivienda, Ciudad y Territorio | D41: 2. Cajicá habitable y sostenible | E41: 9. Alcantarillado | F41: 36 | G41: EPC | H41: =IFERROR(VLOOKUP($F41,base_ppi,[1]Base_PPI!$T$1,FALSE),"") -> Optimizar y mantener en funcionamiento 1 Sistema de Alcantarillado Municipal. SRB orden 4.57 - 4.79 | I41: 548600000 | J41: 548600000 | K41: 548600000 | L41: 1 | M41: 0 | N41: 555086828 | O41: 555086828 | P41: 1 | Q41: 0 | R41: 0 | S41: 0 | T41: 0 | U41: NE
B42: 1. CAJICÁ IDEAL AMBIENTAL Y SOSTENIBLE | C42: 40. Vivienda, Ciudad y Territorio | D42: 2. Cajicá habitable y sostenible | E42: 9. Alcantarillado | F42: 37 | G42: EPC | H42: =IFERROR(VLOOKUP($F42,base_ppi,[1]Base_PPI!$T$1,FALSE),"") -> Implementar al 100% el plan de acción anual de Plan Maestro de Alcantarillado - fase 2 - pluvial. SRB orden 4.57 | I42: 0 | J42: 0 | K42: 0 | L42: NE | M42: 0 | N42: 0 | O42: 0 | P42: NE | Q42: 969531857 | R42: 540000000 | S42: 540000000 | T42: 540000000 | U42: 0.55696984
B43: 1. CAJICÁ IDEAL AMBIENTAL Y SOSTENIBLE | C43: 40. Vivienda, Ciudad y Territorio | D43: 2. Cajicá habitable y sostenible | E43: 9. Alcantarillado | F43: 38 | G43: EPC | H43: =IFERROR(VLOOKUP($F43,base_ppi,[1]Base_PPI!$T$1,FALSE),"") -> Gestionar la Puesta en marcha de 1 Planta de Tratamiento de Aguas Residuales PTAR Rincón Santo. SRB orden 4.57 | I43: 0 | J43: 0 | K43: 0 | L43: NE | M43: 0 | N43: 0 | O43: 0 | P43: NE | Q43: 0 | R43: 0 | S43: 0 | T43: 0 | U43: NE
B44: 1. CAJICÁ IDEAL AMBIENTAL Y SOSTENIBLE | C44: 40. Vivienda, Ciudad y Territorio | D44: 2. Cajicá habitable y sostenible | E44: 9. Alcantarillado | F44: 39 | G44: EPC | H44: =IFERROR(VLOOKUP($F44,base_ppi,[1]Base_PPI!$T$1,FALSE),"") -> Ejecutar 1 proyecto para la optimización y mejoramiento de la Planta de Tratamiento de Aguas Residuales PTAR - Calahorra. SRB orden 4.57 | I44: 1178959145 | J44: 2178959145 | K44: 1178959145 | L44: 0.54106528 | M44: 200000000 | N44: 200000000 | O44: 200000000 | P44: 1 | Q44: 0 | R44: 0 | S44: 0 | T44: 0 | U44: NE
B45: 1. CAJICÁ IDEAL AMBIENTAL Y SOSTENIBLE | C45: 40. Vivienda, Ciudad y Territorio | D45: 2. Cajicá habitable y sostenible | E45: 9. Alcantarillado | F45: 40 | G45: EPC | H45: =IFERROR(VLOOKUP($F45,base_ppi,[1]Base_PPI!$T$1,FALSE),"") -> Actualizar e Implementar al 100% el plan de acción anual del Plan de Saneamiento y Manejo de Vertimientos - PSMV . SRB orden 4.57 | I45: 0 | J45: 0 | K45: 0 | L45: NE | M45: 294913172 | N45: 294913172 | O45: 294913172 | P45: 1 | Q45: 0 | R45: 0 | S45: 0 | T45: 0 | U45: NE
B46: 1. CAJICÁ IDEAL AMBIENTAL Y SOSTENIBLE | C46: 40. Vivienda, Ciudad y Territorio | D46: 2. Cajicá habitable y sostenible | E46: 9. Alcantarillado | F46: 41 | G46: EPC | H46: =IFERROR(VLOOKUP($F46,base_ppi,[1]Base_PPI!$T$1,FALSE),"") -> Elaborar e implementar 1 plan de cultura ciudadana sobre el cuidado de las redes de alcantarillado y el seguimiento y control a los establecimientos comerciales, industriales y especiales conectados. SRB orden 4.57 | I46: 0 | J46: 0 | K46: 0 | L46: NE | M46: 0 | N46: 0 | O46: 0 | P46: NE | Q46: 0 | R46: 0 | S46: 0 | T46: 0 | U46: NE
B47: 1. CAJICÁ IDEAL AMBIENTAL Y SOSTENIBLE | C47: 40. Vivienda, Ciudad y Territorio | D47: 2. Cajicá habitable y sostenible | E47: 10. Aseo | F47: 42 | G47: Secretaría Ambiente y Desarrollo Rural | H47: =IFERROR(VLOOKUP($F47,base_ppi,[1]Base_PPI!$T$1,FALSE),"") -> Realizar 1 transferencia anual para el pago del subsidio de aseo | I47: 59000000 | J47: 59000000 | K47: 0 | L47: 0 | M47: 94053390 | N47: 2.3079251e+09 | O47: 0 | P47: 0 | Q47: 3469537042 | R47: 222723430 | S47: 222723430 | T47: 222723430 | U47: 0.064193991
B48: 1. CAJICÁ IDEAL AMBIENTAL Y SOSTENIBLE | C48: 40. Vivienda, Ciudad y Territorio | D48: 2. Cajicá habitable y sostenible | E48: 10. Aseo | F48: 43 | G48: Secretaría Ambiente y Desarrollo Rural | H48: =IFERROR(VLOOKUP($F48,base_ppi,[1]Base_PPI!$T$1,FALSE),"") -> Actualizar e implementar al 100 % el plan de acción anual del Plan de Gestión Integral Residuos Sólidos - PGIRS | I48: 88000000 | J48: 88000000 | K48: 79188888 | L48: 0.89987373 | M48: 980000000 | N48: 990940367 | O48: 990900000 | P48: 0.99995926 | Q48: 1140105000 | R48: 1122284000 | S48: 1122284000 | T48: 1110048284 | U48: 0.98436898
B49: 1. CAJICÁ IDEAL AMBIENTAL Y SOSTENIBLE | C49: 40. Vivienda, Ciudad y Territorio | D49: 2. Cajicá habitable y sostenible | E49: 11. Ordenamiento Territorial | F49: 44 | G49: Secretaría de Planeación | H49: =IFERROR(VLOOKUP($F49,base_ppi,[1]Base_PPI!$T$1,FALSE),"") -> Gestionar la aprobación y adoptar 1 revisión excepcional del Plan Básico de Ordenamiento Territorial. SRB orden 4.18 | I49: 0 | J49: 0 | K49: 0 | L49: NE | M49: 0 | N49: 0 | O49: 0 | P49: NE | Q49: 0 | R49: 0 | S49: 0 | T49: 0 | U49: NE
B50: 1. CAJICÁ IDEAL AMBIENTAL Y SOSTENIBLE | C50: 40. Vivienda, Ciudad y Territorio | D50: 2. Cajicá habitable y sostenible | E50: 11. Ordenamiento Territorial | F50: 45 | G50: Secretaría de Planeación | H50: =IFERROR(VLOOKUP($F50,base_ppi,[1]Base_PPI!$T$1,FALSE),"") -> Implementar al 100% el plan de acción anual del Plan Básico de Ordenamiento Territorial vigente SRB ORDEN 4.10 | I50: 14733333 | J50: 14733333 | K50: 14733333 | L50: 1 | M50: 73645000 | N50: 115297500 | O50: 1.1079393e+08 | P50: 0.96093956 | Q50: 72406425 | R50: 72406425 | S50: 72406425 | T50: 48041088 | U50: 1
B51: 1. CAJICÁ IDEAL AMBIENTAL Y SOSTENIBLE | C51: 40. Vivienda, Ciudad y Territorio | D51: 2. Cajicá habitable y sostenible | E51: 11. Ordenamiento Territorial | F51: 46 | G51: Secretaría de Planeación | H51: =IFERROR(VLOOKUP($F51,base_ppi,[1]Base_PPI!$T$1,FALSE),"") -> Elaborar e implementar 1 Plan anual para el desarrollo de las actividades de planificación del territorio. SRB ORDEN 4.10 | I51: 321207397 | J51: 396207397 | K51: 293249723 | L51: 0.74014197 | M51: 491284674 | N51: 8.2260565e+08 | O51: 693204716 | P51: 0.84269385 | Q51: 548328233 | R51: 463874748 | S51: 492374748 | T51: 294220881 | U51: 0.84598005
B52: 1. CAJICÁ IDEAL AMBIENTAL Y SOSTENIBLE | C52: 40. Vivienda, Ciudad y Territorio | D52: 2. Cajicá habitable y sostenible | E52: 11. Ordenamiento Territorial | F52: 47 | G52: Secretaría de Planeación | H52: =IFERROR(VLOOKUP($F52,base_ppi,[1]Base_PPI!$T$1,FALSE),"") -> Realizar 1 estudio y diseño para la revisión general del Plan de Ordenamiento Territorial | I52: 0 | J52: 0 | K52: 0 | L52: NE | M52: 0 | N52: 0 | O52: 0 | P52: NE | Q52: 0 | R52: 0 | S52: 0 | T52: 0 | U52: NE
B53: 1. CAJICÁ IDEAL AMBIENTAL Y SOSTENIBLE | C53: 40. Vivienda, Ciudad y Territorio | D53: 2. Cajicá habitable y sostenible | E53: 12. Vivienda Digna | F53: 48 | G53: Instituto de Vivienda | H53: =IFERROR(VLOOKUP($F53,base_ppi,[1]Base_PPI!$T$1,FALSE),"") -> Implementar al 100% el plan de acción anual de la Política Pública de Vivienda de Interés Social de Cajicá | I53: 24603000 | J53: 24603000 | K53: 24603000 | L53: 1 | M53: 115443000 | N53: 115443000 | O53: 115443000 | P53: 1 | Q53: 204481411 | R53: 155377735 | S53: 155377735 | T53: 143896315 | U53: 0.7598624
B54: 1. CAJICÁ IDEAL AMBIENTAL Y SOSTENIBLE | C54: 40. Vivienda, Ciudad y Territorio | D54: 2. Cajicá habitable y sostenible | E54: 12. Vivienda Digna | F54: 49 | G54: Instituto de Vivienda | H54: =IFERROR(VLOOKUP($F54,base_ppi,[1]Base_PPI!$T$1,FALSE),"") -> Gestionar la adquisición de 1 predio para el desarrollo de un proyecto de Vivienda de Interés Prioritario | I54: 0 | J54: 0 | K54: 0 | L54: NE | M54: 0 | N54: 9940764600 | O54: 9940764600 | P54: 1 | Q54: 0 | R54: 0 | S54: 0 | T54: 0 | U54: NE
B55: 1. CAJICÁ IDEAL AMBIENTAL Y SOSTENIBLE | C55: 40. Vivienda, Ciudad y Territorio | D55: 2. Cajicá habitable y sostenible | E55: 12. Vivienda Digna | F55: 50 | G55: Instituto de Vivienda | H55: =IFERROR(VLOOKUP($F55,base_ppi,[1]Base_PPI!$T$1,FALSE),"") -> Gestionar la construcción de 1 proyecto de Vivienda de Interés Prioritario y / o Social en el cuatrienio | I55: 0 | J55: 0 | K55: 0 | L55: NE | M55: 0 | N55: 0 | O55: 0 | P55: NE | Q55: 0 | R55: 0 | S55: 0 | T55: 0 | U55: NE
B56: 1. CAJICÁ IDEAL AMBIENTAL Y SOSTENIBLE | C56: 40. Vivienda, Ciudad y Territorio | D56: 2. Cajicá habitable y sostenible | E56: 12. Vivienda Digna | F56: 51 | G56: Instituto de Vivienda | H56: =IFERROR(VLOOKUP($F56,base_ppi,[1]Base_PPI!$T$1,FALSE),"") -> Garantizar la entrega de 90 unidades de Vivienda de Interés Prioritario en el Proyecto Rosales del Parque Central Constructora Bolívar | I56: 0 | J56: 0 | K56: 0 | L56: NE | M56: 20000000 | N56: 20000000 | O56: 20000000 | P56: 1 | Q56: 0 | R56: 0 | S56: 0 | T56: 0 | U56: NE
B57: 1. CAJICÁ IDEAL AMBIENTAL Y SOSTENIBLE | C57: 40. Vivienda, Ciudad y Territorio | D57: 2. Cajicá habitable y sostenible | E57: 12. Vivienda Digna | F57: 52 | G57: Instituto de Vivienda | H57: =IFERROR(VLOOKUP($F57,base_ppi,[1]Base_PPI!$T$1,FALSE),"") -> Asesorar a 250 hogares en servicios de asistencia técnica y jurídica para el saneamiento y titulación de predios en el cuatrienio | I57: 50000000 | J57: 50000000 | K57: 50000000 | L57: 1 | M57: 37389000 | N57: 37389000 | O57: 37389000 | P57: 1 | Q57: 84000000 | R57: 75080000 | S57: 75080000 | T57: 61565600 | U57: 0.89380952
B58: 1. CAJICÁ IDEAL AMBIENTAL Y SOSTENIBLE | C58: 40. Vivienda, Ciudad y Territorio | D58: 2. Cajicá habitable y sostenible | E58: 12. Vivienda Digna | F58: 53 | G58: Instituto de Vivienda | H58: =IFERROR(VLOOKUP($F58,base_ppi,[1]Base_PPI!$T$1,FALSE),"") -> Asesorar a 250 hogares en gestión de subsidios de vivienda de las cajas de Compensación, Subsidios Nacionales y gestión financiera en el cuatrienio | I58: 83000000 | J58: 83000000 | K58: 83000000 | L58: 1 | M58: 182007640 | N58: 182007640 | O58: 182007640 | P58: 1 | Q58: 176000000 | R58: 149054834 | S58: 149054834 | T58: 138614834 | U58: 0.84690247
B59: 1. CAJICÁ IDEAL AMBIENTAL Y SOSTENIBLE | C59: 40. Vivienda, Ciudad y Territorio | D59: 2. Cajicá habitable y sostenible | E59: 12. Vivienda Digna | F59: 54 | G59: Instituto de Vivienda | H59: =IFERROR(VLOOKUP($F59,base_ppi,[1]Base_PPI!$T$1,FALSE),"") -> Entregar 35 subsidios para la construcción de Vivienda en Sitio Propio - rural y urbano en el cuatrienio | I59: 2354372278 | J59: 2244372278 | K59: 1294826969 | L59: 0.57692165 | M59: 292163900 | N59: 1.3002387e+09 | O59: 1300238664 | P59: 1 | Q59: 475000000 | R59: 475000000 | S59: 475000000 | T59: 475000000 | U59: 1
B60: 1. CAJICÁ IDEAL AMBIENTAL Y SOSTENIBLE | C60: 40. Vivienda, Ciudad y Territorio | D60: 2. Cajicá habitable y sostenible | E60: 12. Vivienda Digna | F60: 55 | G60: Instituto de Vivienda | H60: =IFERROR(VLOOKUP($F60,base_ppi,[1]Base_PPI!$T$1,FALSE),"") -> Entregar 320 subsidios para mejoramiento de vivienda en el cuatrienio | I60: 220000000 | J60: 330000000 | K60: 330000000 | L60: 1 | M60: 458220000 | N60: 990262013 | O60: 990262013 | P60: 1 | Q60: 692518589 | R60: 650000000 | S60: 650000000 | T60: 650000000 | U60: 0.93860296
B61: 1. CAJICÁ IDEAL AMBIENTAL Y SOSTENIBLE | C61: 40. Vivienda, Ciudad y Territorio | D61: 2. Cajicá habitable y sostenible | E61: 12. Vivienda Digna | F61: 56 | G61: Instituto de Vivienda | H61: =IFERROR(VLOOKUP($F61,base_ppi,[1]Base_PPI!$T$1,FALSE),"") -> Fortalecer anualmente a 1 Instituto de Vivienda Municipal | I61: 190431316 | J61: 190431316 | K61: 190431316 | L61: 1 | M61: 52800000 | N61: 52800000 | O61: 52800000 | P61: 1 | Q61: 169700000 | R61: 110000000 | S61: 110000000 | T61: 106776920 | U61: 0.64820271
B62: 1. CAJICÁ IDEAL AMBIENTAL Y SOSTENIBLE | C62: 40. Vivienda, Ciudad y Territorio | D62: 2. Cajicá habitable y sostenible | E62: 13. Espacio público | F62: 57 | G62: Secretaría de Planeación | H62: =IFERROR(VLOOKUP($F62,base_ppi,[1]Base_PPI!$T$1,FALSE),"") -> Formular e implementar al 100% el plan de acción anual del Plan Maestro de Espacio Público y Movilidad Cero Emisiones para Cajicá | I62: 100000000 | J62: 100000000 | K62: 0 | L62: 0 | M62: 0 | N62: 0 | O62: 0 | P62: NE | Q62: 0 | R62: 0 | S62: 0 | T62: 0 | U62: NE
B63: 1. CAJICÁ IDEAL AMBIENTAL Y SOSTENIBLE | C63: 40. Vivienda, Ciudad y Territorio | D63: 2. Cajicá habitable y sostenible | E63: 13. Espacio público | F63: 58 | G63: Secretaría de infraestructura y obras públicas | H63: =IFERROR(VLOOKUP($F63,base_ppi,[1]Base_PPI!$T$1,FALSE),"") -> Ejecutar 1 Plan anual de construcción, adecuación, mejoramiento, mantenimiento del espacio público | I63: 1224215087 | J63: 1194589810 | K63: 8.4750701e+08 | L63: 0.70945441 | M63: 2985472127 | N63: 1772669935 | O63: 1.7652099e+09 | P63: 0.99579165 | Q63: 935269795 | R63: 9.272399e+08 | S63: 9.272399e+08 | T63: 6.9366586e+08 | U63: 0.99141435
B64: 1. CAJICÁ IDEAL AMBIENTAL Y SOSTENIBLE | C64: 40. Vivienda, Ciudad y Territorio | D64: 2. Cajicá habitable y sostenible | E64: 13. Espacio público | F64: 59 | G64: Secretaría de infraestructura y obras públicas | H64: =IFERROR(VLOOKUP($F64,base_ppi,[1]Base_PPI!$T$1,FALSE),"") -> Realizar 1 gestión para construir 1 Parque para la integración familiar y comunitaria en área de cesión conocido como Tronquitos | I64: 500000000 | J64: 635000000 | K64: 0 | L64: 0 | M64: 0 | N64: 0 | O64: 0 | P64: NE | Q64: 0 | R64: 0 | S64: 0 | T64: 0 | U64: NE
B65: 1. CAJICÁ IDEAL AMBIENTAL Y SOSTENIBLE | C65: 21. Minas y energía | D65: 3. Cajicá con más servicios Públicos | E65: 14. Más Servicios Domiciliarios | F65: 60 | G65: Secretaría de infraestructura y obras públicas | H65: =IFERROR(VLOOKUP($F65,base_ppi,[1]Base_PPI!$T$1,FALSE),"") -> Garantizar al 100% el funcionamiento anual del servicio de alumbrado público | I65: 2803887144 | J65: 5124530017 | K65: 4754520790 | L65: 0.92779646 | M65: 5234971073 | N65: 7.3739039e+09 | O65: 7314725567 | P65: 0.99197462 | Q65: 6198483224 | R65: 4.1555498e+09 | S65: 4.1555498e+09 | T65: 4.1555498e+09 | U65: 0.67041397
B66: 1. CAJICÁ IDEAL AMBIENTAL Y SOSTENIBLE | C66: 21. Minas y energía | D66: 3. Cajicá con más servicios Públicos | E66: 14. Más Servicios Domiciliarios | F66: 61 | G66: Secretaría de infraestructura y obras públicas | H66: =IFERROR(VLOOKUP($F66,base_ppi,[1]Base_PPI!$T$1,FALSE),"") -> Iluminar el 50% de los sectores identificados sin alumbrado público | I66: 0 | J66: 0 | K66: 0 | L66: NE | M66: 0 | N66: 0 | O66: 0 | P66: NE | Q66: 0 | R66: 0 | S66: 0 | T66: 0 | U66: NE
B67: 1. CAJICÁ IDEAL AMBIENTAL Y SOSTENIBLE | C67: 21. Minas y energía | D67: 3. Cajicá con más servicios Públicos | E67: 14. Más Servicios Domiciliarios | F67: 62 | G67: Secretaría de infraestructura y obras públicas | H67: =IFERROR(VLOOKUP($F67,base_ppi,[1]Base_PPI!$T$1,FALSE),"") -> Gestionar la apertura de 1 punto de atención en Cajicá de los servicios de gas y energía | I67: 0 | J67: 0 | K67: 0 | L67: NE | M67: 0 | N67: 0 | O67: 0 | P67: NE | Q67: 0 | R67: 0 | S67: 0 | T67: 0 | U67: NE
B68: 1. CAJICÁ IDEAL AMBIENTAL Y SOSTENIBLE | C68: 21. Minas y energía | D68: 3. Cajicá con más servicios Públicos | E68: 14. Más Servicios Domiciliarios | F68: 63 | G68: Secretaría de infraestructura y obras públicas | H68: =IFERROR(VLOOKUP($F68,base_ppi,[1]Base_PPI!$T$1,FALSE),"") -> Implementar 1 Plan Piloto de Uso de Energías Alternativas Sostenibles en los edificios públicos | I68: 50000000 | J68: 50000000 | K68: 0 | L68: 0 | M68: 0 | N68: 0 | O68: 0 | P68: NE | Q68: 0 | R68: 0 | S68: 0 | T68: 0 | U68: NE
B69: 2. CAJICÁ DESARROLLO SOCIAL IDEAL | C69: 41. Inclusión social y reconciliación | D69: 4. Cajicá Social | E69: 15. Primera Infancia | F69: 64 | G69: Secretaría Desarrollo Social | H69: =IFERROR(VLOOKUP($F69,base_ppi,[1]Base_PPI!$T$1,FALSE),"") -> Implementar al 100% el plan de acción anual de la Política Pública Municipal de Primera Infancia, Infancia y Adolescencia | I69: 3660 | J69: 3660 | K69: 0 | L69: 0 | M69: 10000000 | N69: 19444902 | O69: 19426629 | P69: 0.99906026 | Q69: 18107000 | R69: 13472000 | S69: 13472000 | T69: 13472000 | U69: 0.74402165
B70: 2. CAJICÁ DESARROLLO SOCIAL IDEAL | C70: 41. Inclusión social y reconciliación | D70: 4. Cajicá Social | E70: 15. Primera Infancia | F70: 65 | G70: Secretaría Desarrollo Social | H70: =IFERROR(VLOOKUP($F70,base_ppi,[1]Base_PPI!$T$1,FALSE),"") -> Crear y poner en funcionamiento 1 Banco de Lactancia Materna | I70: 0 | J70: 0 | K70: 0 | L70: NE | M70: 0 | N70: 0 | O70: 0 | P70: NE | Q70: 0 | R70: 0 | S70: 0 | T70: 0 | U70: NE
B71: 2. CAJICÁ DESARROLLO SOCIAL IDEAL | C71: 41. Inclusión social y reconciliación | D71: 4. Cajicá Social | E71: 15. Primera Infancia | F71: 66 | G71: Secretaría Desarrollo Social | H71: =IFERROR(VLOOKUP($F71,base_ppi,[1]Base_PPI!$T$1,FALSE),"") -> Garantizar el funcionamiento anual de los 16 Centros de Atención a la Primera Infancia | I71: 980000000 | J71: 980000000 | K71: 951807277 | L71: 0.97123192 | M71: 1450000000 | N71: 1843072006 | O71: 1.8035258e+09 | P71: 0.97854331 | Q71: 1778054618 | R71: 1547730000 | S71: 1547730000 | T71: 1243770000 | U71: 0.87046257
B72: 2. CAJICÁ DESARROLLO SOCIAL IDEAL | C72: 41. Inclusión social y reconciliación | D72: 4. Cajicá Social | E72: 15. Primera Infancia | F72: 67 | G72: Secretaría Desarrollo Social | H72: =IFERROR(VLOOKUP($F72,base_ppi,[1]Base_PPI!$T$1,FALSE),"") -> Elaborar e Implementar 1 programa anual de recuperación nutricional para madres gestantes, lactantes y niños y niñas con desnutrición | I72: 0 | J72: 0 | K72: 0 | L72: NE | M72: 0 | N72: 0 | O72: 0 | P72: NE | Q72: 15000000 | R72: 14954652 | S72: 14954652 | T72: 14954652 | U72: 0.9969768
B73: 2. CAJICÁ DESARROLLO SOCIAL IDEAL | C73: 41. Inclusión social y reconciliación | D73: 4. Cajicá Social | E73: 15. Primera Infancia | F73: 68 | G73: Secretaría Desarrollo Social | H73: =IFERROR(VLOOKUP($F73,base_ppi,[1]Base_PPI!$T$1,FALSE),"") -> Garantizar al 100% el funcionamiento de las Ludotecas Municipales | I73: 17903355 | J73: 33303355 | K73: 31138812 | L73: 0.93500525 | M73: 88374000 | N73: 81588000 | O73: 81588000 | P73: 1 | Q73: 113146911 | R73: 1.1304401e+08 | S73: 1.1304401e+08 | T73: 80946674 | U73: 0.99909055
B74: 2. CAJICÁ DESARROLLO SOCIAL IDEAL | C74: 41. Inclusión social y reconciliación | D74: 4. Cajicá Social | E74: 16. Infancia | F74: 69 | G74: Secretaría Desarrollo Social | H74: =IFERROR(VLOOKUP($F74,base_ppi,[1]Base_PPI!$T$1,FALSE),"") -> Implementar al 100% el plan de acción anual de la Política Pública Municipal de Niñez y Adolescencia | I74: 0 | J74: 0 | K74: 0 | L74: NE | M74: 10000000 | N74: 19000000 | O74: 19000000 | P74: 1 | Q74: 20000000 | R74: 20000000 | S74: 20000000 | T74: 19745500 | U74: 1
B75: 2. CAJICÁ DESARROLLO SOCIAL IDEAL | C75: 41. Inclusión social y reconciliación | D75: 4. Cajicá Social | E75: 16. Infancia | F75: 70 | G75: Secretaría Desarrollo Social | H75: =IFERROR(VLOOKUP($F75,base_ppi,[1]Base_PPI!$T$1,FALSE),"") -> Garantizar el funcionamiento anual de 1 Red Municipal de Protección de los niños y niñas | I75: 0 | J75: 0 | K75: 0 | L75: NE | M75: 0 | N75: 0 | O75: 0 | P75: NE | Q75: 0 | R75: 0 | S75: 0 | T75: 0 | U75: NE
B76: 2. CAJICÁ DESARROLLO SOCIAL IDEAL | C76: 41. Inclusión social y reconciliación | D76: 4. Cajicá Social | E76: 16. Infancia | F76: 71 | G76: Secretaría Desarrollo Social | H76: =IFERROR(VLOOKUP($F76,base_ppi,[1]Base_PPI!$T$1,FALSE),"") -> Implementar 1 campaña anual para la prevención de violencia contra los niños y niñas, trabajo infantil, maltrato, abuso sexual y violencia intrafamiliar | I76: 0 | J76: 0 | K76: 0 | L76: NE | M76: 20000000 | N76: 20000000 | O76: 20000000 | P76: 1 | Q76: 20000000 | R76: 19218500 | S76: 19218500 | T76: 19218500 | U76: 0.960925
B77: 2. CAJICÁ DESARROLLO SOCIAL IDEAL | C77: 41. Inclusión social y reconciliación | D77: 4. Cajicá Social | E77: 16. Infancia | F77: 72 | G77: Secretaría Desarrollo Social | H77: =IFERROR(VLOOKUP($F77,base_ppi,[1]Base_PPI!$T$1,FALSE),"") -> Garantizar al 100% el funcionamiento anual de los hogares de paso | I77: 55000000 | J77: 55000000 | K77: 49144246 | L77: 0.89353174 | M77: 250000000 | N77: 301209800 | O77: 272153950 | P77: 0.90353617 | Q77: 415894828 | R77: 341699289 | S77: 341699289 | T77: 2.1929769e+08 | U77: 0.82160024
B78: 2. CAJICÁ DESARROLLO SOCIAL IDEAL | C78: 41. Inclusión social y reconciliación | D78: 4. Cajicá Social | E78: 16. Infancia | F78: 73 | G78: Secretaría Desarrollo Social | H78: =IFERROR(VLOOKUP($F78,base_ppi,[1]Base_PPI!$T$1,FALSE),"") -> Implementar anualmente 1 estrategia Departamental "Súmate Jugando y Aprendiendo" | I78: 0 | J78: 0 | K78: 0 | L78: NE | M78: 0 | N78: 0 | O78: 0 | P78: NE | R78: 0 | S78: 0 | T78: 0 | U78: NE
B79: 2. CAJICÁ DESARROLLO SOCIAL IDEAL | C79: 41. Inclusión social y reconciliación | D79: 4. Cajicá Social | E79: 16. Infancia | F79: 74 | G79: Secretaría Desarrollo Social | H79: =IFERROR(VLOOKUP($F79,base_ppi,[1]Base_PPI!$T$1,FALSE),"") -> Realizar 2 eventos anuales de conmemoración del Día del Niño y el Día Dulce | I79: 47602751 | J79: 47602751 | K79: 47005476 | L79: 0.98745293 | M79: 100000000 | N79: 175000000 | O79: 174379090 | P79: 0.99645194 | Q79: 140000000 | R79: 139696207 | S79: 139696207 | T79: 89795516 | U79: 0.99783005
B80: 2. CAJICÁ DESARROLLO SOCIAL IDEAL | C80: 41. Inclusión social y reconciliación | D80: 4. Cajicá Social | E80: 16. Infancia | F80: 75 | G80: Secretaría Desarrollo Social | H80: =IFERROR(VLOOKUP($F80,base_ppi,[1]Base_PPI!$T$1,FALSE),"") -> Garantizar al 100% el funcionamiento anual del Comité Interinstitucional de Erradicación del Trabajo Infantil | I80: 0 | J80: 0 | K80: 0 | L80: NE | M80: 0 | N80: 0 | O80: 0 | P80: NE | Q80: 0 | R80: 0 | S80: 0 | T80: 0 | U80: NE
B81: 2. CAJICÁ DESARROLLO SOCIAL IDEAL | C81: 41. Inclusión social y reconciliación | D81: 4. Cajicá Social | E81: 16. Infancia | F81: 76 | G81: Secretaría Desarrollo Social | H81: =IFERROR(VLOOKUP($F81,base_ppi,[1]Base_PPI!$T$1,FALSE),"") -> Conformar 1 Gobierno Municipal con la Infancia y Adolescencia como estrategia de participación | I81: 3000000 | J81: 3000000 | K81: 2586486 | L81: 0.862162 | M81: 5000000 | N81: 5000000 | O81: 5000000 | P81: 1 | Q81: 0 | R81: 0 | S81: 0 | T81: 0 | U81: NE
B82: 2. CAJICÁ DESARROLLO SOCIAL IDEAL | C82: 41. Inclusión social y reconciliación | D82: 4. Cajicá Social | E82: 17. Adolescentes | F82: 77 | G82: Secretaría Desarrollo Social | H82: =IFERROR(VLOOKUP($F82,base_ppi,[1]Base_PPI!$T$1,FALSE),"") -> Implementar 1 campaña anual de prevención del embarazo en adolescentes, el delito juvenil, el suicidio y el uso de sustancias psicoactivas, salud mental, promoviendo la construcción de proyecto de vida | I82: 250000000 | J82: 234600000 | K82: 232007050 | L82: 0.98894736 | M82: 240000000 | N82: 310297032 | O82: 310296124 | P82: 0.99999707 | Q82: 246560000 | R82: 231050685 | S82: 231050685 | T82: 1.3537655e+08 | U82: 0.9370972
B83: 2. CAJICÁ DESARROLLO SOCIAL IDEAL | C83: 41. Inclusión social y reconciliación | D83: 4. Cajicá Social | E83: 17. Adolescentes | F83: 78 | G83: Secretaría de Gobierno y Participación Ciudadana | H83: =IFERROR(VLOOKUP($F83,base_ppi,[1]Base_PPI!$T$1,FALSE),"") -> Garantizar al 100% la atención especializada anual en el marco del Sistema de Responsabilidad Penal para Adolescentes | I83: 0 | J83: 0 | K83: 0 | L83: NE | M83: 87000000 | N83: 81207987 | O83: 81207987 | P83: 1 | Q83: 126071886 | R83: 40603994 | S83: 40603994 | T83: 40603994 | U83: 0.32207017
B84: 2. CAJICÁ DESARROLLO SOCIAL IDEAL | C84: 41. Inclusión social y reconciliación | D84: 4. Cajicá Social | E84: 18. Juventud | F84: 79 | G84: Secretaría Desarrollo Social | H84: =IFERROR(VLOOKUP($F84,base_ppi,[1]Base_PPI!$T$1,FALSE),"") -> Actualizar e Implementar al 100% el plan de acción anual de la Política Pública Municipal de Juventud | I84: 0 | J84: 0 | K84: 0 | L84: NE | M84: 10000000 | N84: 10000000 | O84: 10000000 | P84: 1 | Q84: 13939750 | R84: 8243000 | S84: 8243000 | T84: 0 | U84: 0.59133055
B85: 2. CAJICÁ DESARROLLO SOCIAL IDEAL | C85: 41. Inclusión social y reconciliación | D85: 4. Cajicá Social | E85: 18. Juventud | F85: 80 | G85: Secretaría Desarrollo Social | H85: =IFERROR(VLOOKUP($F85,base_ppi,[1]Base_PPI!$T$1,FALSE),"") -> Apoyar el funcionamiento anual de 1 Plataforma Municipal de Juventud | I85: 10420000 | J85: 10420000 | K85: 10082675 | L85: 0.96762716 | M85: 10000000 | N85: 10000000 | O85: 9924202 | P85: 0.9924202 | Q85: 20000000 | R85: 19958958 | S85: 19958958 | T85: 0 | U85: 0.9979479
B86: 2. CAJICÁ DESARROLLO SOCIAL IDEAL | C86: 41. Inclusión social y reconciliación | D86: 4. Cajicá Social | E86: 18. Juventud | F86: 81 | G86: Secretaría Desarrollo Social | H86: =IFERROR(VLOOKUP($F86,base_ppi,[1]Base_PPI!$T$1,FALSE),"") -> Apoyar el funcionamiento de 1 Consejo Municipal de Juventud | I86: 60000000 | J86: 60000000 | K86: 57466640 | L86: 0.95777733 | M86: 50000000 | N86: 50000000 | O86: 50000000 | P86: 1 | Q86: 88000000 | R86: 74327201 | S86: 74327201 | T86: 27312167 | U86: 0.84462728
B87: 2. CAJICÁ DESARROLLO SOCIAL IDEAL | C87: 41. Inclusión social y reconciliación | D87: 4. Cajicá Social | E87: 18. Juventud | F87: 82 | G87: Secretaría Desarrollo Social | H87: =IFERROR(VLOOKUP($F87,base_ppi,[1]Base_PPI!$T$1,FALSE),"") -> Apoyar el funcionamiento anual de 1 Escuela de Liderazgo Juvenil | I87: 40000000 | J87: 40000000 | K87: 39991200 | L87: 0.99978 | M87: 30000000 | N87: 40000000 | O87: 39934984 | P87: 0.9983746 | Q87: 60000000 | R87: 59990042 | S87: 59990042 | T87: 0 | U87: 0.99983403
B88: 2. CAJICÁ DESARROLLO SOCIAL IDEAL | C88: 41. Inclusión social y reconciliación | D88: 4. Cajicá Social | E88: 18. Juventud | F88: 83 | G88: Secretaría Desarrollo Social | H88: =IFERROR(VLOOKUP($F88,base_ppi,[1]Base_PPI!$T$1,FALSE),"") -> Garantizar anualmente 1 espacio físico para los jóvenes de Cajicá | I88: 10000000 | J88: 10000000 | K88: 10000000 | L88: 1 | M88: 10000000 | N88: 20000000 | O88: 19837753 | P88: 0.99188764 | Q88: 17000000 | R88: 0 | S88: 0 | T88: 0 | U88: 0
B89: 2. CAJICÁ DESARROLLO SOCIAL IDEAL | C89: 41. Inclusión social y reconciliación | D89: 4. Cajicá Social | E89: 18. Juventud | F89: 84 | G89: Secretaría Desarrollo Social | H89: =IFERROR(VLOOKUP($F89,base_ppi,[1]Base_PPI!$T$1,FALSE),"") -> Realizar anualmente 2 eventos para la juventud Cajiqueña | I89: 60000000 | J89: 60000000 | K89: 59950649 | L89: 0.99917748 | M89: 80000000 | N89: 94745162 | O89: 94745162 | P89: 1 | Q89: 50000000 | R89: 49655240 | S89: 49655240 | T89: 0 | U89: 0.9931048
B90: 2. CAJICÁ DESARROLLO SOCIAL IDEAL | C90: 41. Inclusión social y reconciliación | D90: 4. Cajicá Social | E90: 18. Juventud | F90: 85 | G90: Secretaría Desarrollo Social | H90: =IFERROR(VLOOKUP($F90,base_ppi,[1]Base_PPI!$T$1,FALSE),"") -> Crear y poner en funcionamiento 1 banco de iniciativas productivas juveniles | I90: 0 | J90: 0 | K90: 0 | L90: NE | M90: 0 | N90: 0 | O90: 0 | P90: NE | Q90: 10000000 | R90: 9499000 | S90: 9499000 | T90: 0 | U90: 0.9499
B91: 2. CAJICÁ DESARROLLO SOCIAL IDEAL | C91: 41. Inclusión social y reconciliación | D91: 4. Cajicá Social | E91: 18. Juventud | F91: 86 | G91: Secretaría Desarrollo Social | H91: =IFERROR(VLOOKUP($F91,base_ppi,[1]Base_PPI!$T$1,FALSE),"") -> Implementar anualmente 5 proyectos dinamizadores para jóvenes | I91: 54400000 | J91: 45695333 | K91: 44228667 | L91: 0.96790336 | M91: 120000000 | N91: 149125000 | O91: 1.4904158e+08 | P91: 0.99944063 | Q91: 148246532 | R91: 139791060 | S91: 146038260 | T91: 1.0288883e+08 | U91: 0.94296344
B92: 2. CAJICÁ DESARROLLO SOCIAL IDEAL | C92: 41. Inclusión social y reconciliación | D92: 4. Cajicá Social | E92: 18. Juventud | F92: 87 | G92: Secretaría Desarrollo Social | H92: =IFERROR(VLOOKUP($F92,base_ppi,[1]Base_PPI!$T$1,FALSE),"") -> Implementar 1 plan de acción anual de La Mesa Futbolera | I92: 5000000 | J92: 5000000 | K92: 4974746 | L92: 0.9949492 | M92: 5000000 | N92: 5000000 | O92: 4946250 | P92: 0.98925 | Q92: 5000000 | R92: 4749500 | S92: 4749500 | T92: 0 | U92: 0.9499
B93: 2. CAJICÁ DESARROLLO SOCIAL IDEAL | C93: 41. Inclusión social y reconciliación | D93: 4. Cajicá Social | E93: 18. Juventud | F93: 88 | G93: Secretaría Desarrollo Social | H93: =IFERROR(VLOOKUP($F93,base_ppi,[1]Base_PPI!$T$1,FALSE),"") -> Apoyar al 100% el funcionamiento anual del Programa Nacional Renta Joven | I93: 0 | J93: 0 | K93: 0 | L93: NE | M93: 0 | N93: 0 | O93: 0 | P93: NE | Q93: 0 | R93: 0 | S93: 0 | T93: 0 | U93: NE
B94: 2. CAJICÁ DESARROLLO SOCIAL IDEAL | C94: 41. Inclusión social y reconciliación | D94: 4. Cajicá Social | E94: 18. Juventud | F94: 89 | G94: Secretaría Desarrollo Social | H94: =IFERROR(VLOOKUP($F94,base_ppi,[1]Base_PPI!$T$1,FALSE),"") -> Garantizar el funcionamiento anual de 1 Centro Amigable y de Bienestar para Jóvenes | I94: 0 | J94: 0 | K94: 0 | L94: NE | M94: 0 | N94: 0 | O94: 0 | P94: NE | Q94: 0 | R94: 0 | S94: 0 | T94: 0 | U94: NE
B95: 2. CAJICÁ DESARROLLO SOCIAL IDEAL | C95: 41. Inclusión social y reconciliación | D95: 4. Cajicá Social | E95: 19. Adultos | F95: 90 | G95: Secretaría Desarrollo Social | H95: =IFERROR(VLOOKUP($F95,base_ppi,[1]Base_PPI!$T$1,FALSE),"") -> Elaborar e implementar 1 estrategia anual de Envejecimiento activo y estilos de vida saludable | I95: 0 | J95: 0 | K95: 0 | L95: NE | M95: 0 | N95: 0 | O95: 0 | P95: NE | Q95: 0 | R95: 0 | S95: 0 | T95: 0 | U95: NE
B96: 2. CAJICÁ DESARROLLO SOCIAL IDEAL | C96: 41. Inclusión social y reconciliación | D96: 4. Cajicá Social | E96: 20. Persona Mayor | F96: 91 | G96: Secretaría Desarrollo Social | H96: =IFERROR(VLOOKUP($F96,base_ppi,[1]Base_PPI!$T$1,FALSE),"") -> Formular e Implementar al 100% el plan de acción anual de la Política Pública Municipal del Envejecimiento y Vejez | I96: 22000000 | J96: 22000000 | K96: 18833000 | L96: 0.85604545 | M96: 0 | N96: 29600000 | O96: 29600000 | P96: 1 | Q96: 55743999 | R96: 55725285 | S96: 55725285 | T96: 41328175 | U96: 0.99966429
B97: 2. CAJICÁ DESARROLLO SOCIAL IDEAL | C97: 41. Inclusión social y reconciliación | D97: 4. Cajicá Social | E97: 20. Persona Mayor | F97: 92 | G97: Secretaría Desarrollo Social | H97: =IFERROR(VLOOKUP($F97,base_ppi,[1]Base_PPI!$T$1,FALSE),"") -> Elaborar e Implementar anualmente 1 Plan Municipal Integral de Atención y Protección a la Persona Mayor | I97: 1.0255287e+09 | J97: 9.645287e+08 | K97: 946570370 | L97: 0.98138124 | M97: 3858068506 | N97: 5324827397 | O97: 4984716891 | P97: 0.93612741 | Q97: 6207407195 | R97: 4399476692 | S97: 4399476692 | T97: 3.6511633e+09 | U97: 0.70874627
B98: 2. CAJICÁ DESARROLLO SOCIAL IDEAL | C98: 41. Inclusión social y reconciliación | D98: 4. Cajicá Social | E98: 20. Persona Mayor | F98: 93 | G98: Secretaría Desarrollo Social | H98: =IFERROR(VLOOKUP($F98,base_ppi,[1]Base_PPI!$T$1,FALSE),"") -> Elaborar e Implementar anualmente 1 Plan Municipal Integral de Bienestar a la Persona Mayor | I98: 1341826490 | J98: 1258115125 | K98: 1230594615 | L98: 0.9781256 | M98: 730000000 | N98: 3.7949046e+09 | O98: 3.7928838e+09 | P98: 0.9994675 | Q98: 5053735930 | R98: 4.7686799e+09 | S98: 4.7806799e+09 | T98: 793913823 | U98: 0.94359498
B99: 2. CAJICÁ DESARROLLO SOCIAL IDEAL | C99: 41. Inclusión social y reconciliación | D99: 4. Cajicá Social | E99: 20. Persona Mayor | F99: 94 | G99: Secretaría Desarrollo Social | H99: =IFERROR(VLOOKUP($F99,base_ppi,[1]Base_PPI!$T$1,FALSE),"") -> Realizar anualmente 1 Encuentro Intergeneracional | I99: 0 | J99: 0 | K99: 0 | L99: NE | M99: 0 | N99: 0 | O99: 0 | P99: NE | Q99: 0 | R99: 0 | S99: 0 | T99: 0 | U99: NE
B100: 2. CAJICÁ DESARROLLO SOCIAL IDEAL | C100: 41. Inclusión social y reconciliación | D100: 4. Cajicá Social | E100: 20. Persona Mayor | F100: 95 | G100: Secretaría Desarrollo Social | H100: =IFERROR(VLOOKUP($F100,base_ppi,[1]Base_PPI!$T$1,FALSE),"") -> Apoyar al 100% el funcionamiento anual del Programa Nacional Colombia Mayor | I100: 0 | J100: 0 | K100: 0 | L100: NE | M100: 38831000 | N100: 47591000 | O100: 46422617 | P100: 0.9754495 | Q100: 77181000 | R100: 76778720 | S100: 76778720 | T100: 59418520 | U100: 0.99478784
B101: 2. CAJICÁ DESARROLLO SOCIAL IDEAL | C101: 41. Inclusión social y reconciliación | D101: 4. Cajicá Social | E101: 20. Persona Mayor | F101: 96 | G101: Secretaría Desarrollo Social | H101: =IFERROR(VLOOKUP($F101,base_ppi,[1]Base_PPI!$T$1,FALSE),"") -> Poner en funcionamiento 1 Centro de protección para la Persona Mayor - Ubicado en la Quebrada del Campo | I101: 300000000 | J101: 300000000 | K101: 0 | L101: 0 | M101: 0 | N101: 0 | O101: 0 | P101: NE | Q101: 0 | R101: 0 | S101: 0 | T101: 0 | U101: NE
...

Sheet DETALLE POR SECRETARIAS 
B2: RELACIÓN COMPARATIVA - PRESUPUESTO INICIAL - PRESUPUESTO 2024 - 2025 - 2026 - 2027 POR DEPENDENCIA RESPONSABLE
B3: DEPENDENCIA RESPONSABLE | C3: AÑO 2024 | G3: AÑO 2025 | K3: AÑO 2026 CON CORTE A 28 DE SEPTIEMBRE | P3: AÑO 2027
C4: PRESUPUESTO INICIAL | D4: TOTAL APROPIADO | E4: PRESUPUESTO EJECUTADO | F4: % EJECUCIÓN PRESUPUESTAL | G4: PRESUPUESTO INICIAL | H4: TOTAL APROPIADO | I4: PRESUPUESTO EJECUTADO | J4: % EJECUCIÓN PRESUPUESTAL | K4: PRESUPUESTO INICIAL | L4: TOTAL APROPIADO | M4: PRESUPUESTO EJECUTADO | N4: PAGOS | O4: % EJECUCIÓN PRESUPUESTAL | P4: PRESUPUESTO ASIGNADO 2026
B5: EPC | C5: =+SUMIFS('DETALLE POR METAS '!I$6:I$344,'DETALLE POR METAS '!G$6:G$344,'DETALLE POR SECRETARIAS '!B5) -> 9279784404 | D5: =+SUMIFS('DETALLE POR METAS '!J$6:J$344,'DETALLE POR METAS '!G$6:G$344,B5) -> 1.0679784e+10 | E5: =+SUMIFS('DETALLE POR METAS '!K$6:K$344,'DETALLE POR METAS '!G$6:G$344,B5) -> 9660654305 | F5: =+E5/D5 -> 0.90457392 | G5: =+SUMIFS('DETALLE POR METAS '!M$6:M$344,'DETALLE POR METAS '!G$6:G$344,B5) -> 2221260999 | H5: =+SUMIFS('DETALLE POR METAS '!N$6:N$344,'DETALLE POR METAS '!G$6:G$344,B5) -> 3.7805413e+09 | I5: =+SUMIFS('DETALLE POR METAS '!O$6:O$344,'DETALLE POR METAS '!G$6:G$344,B5) -> 3.7805413e+09 | J5: =+I5/H5 -> 1 | K5: =+SUMIFS('DETALLE POR METAS '!Q$6:Q$344,'DETALLE POR METAS '!G$6:G$344,B5) -> 10295672427 | L5: =+SUMIFS('DETALLE POR METAS '!R$6:R$344,'DETALLE POR METAS '!G$6:G$344,B5) -> 5793476677 | M5: =+SUMIFS('DETALLE POR METAS '!S$6:S$344,'DETALLE POR METAS '!G$6:G$344,B5) -> 5793476677 | O5: =+M5/L5 -> 1 | P5: =+SUMIFS('DETALLE POR METAS '!#REF!,'DETALLE POR METAS '!G$6:G$344,B5) -> #REF!
B6: Instituto de Cultura | C6: =+SUMIFS('DETALLE POR METAS '!I$6:I$344,'DETALLE POR METAS '!G$6:G$344,'DETALLE POR SECRETARIAS '!B6) -> 3.5267288e+09 | D6: =+SUMIFS('DETALLE POR METAS '!J$6:J$344,'DETALLE POR METAS '!G$6:G$344,B6) -> 3.5267288e+09 | E6: =+SUMIFS('DETALLE POR METAS '!K$6:K$344,'DETALLE POR METAS '!G$6:G$344,B6) -> 3.5267288e+09 | F6: =+E6/D6 -> 1 | G6: =+SUMIFS('DETALLE POR METAS '!M$6:M$344,'DETALLE POR METAS '!G$6:G$344,B6) -> 5032840833 | H6: =+SUMIFS('DETALLE POR METAS '!N$6:N$344,'DETALLE POR METAS '!G$6:G$344,B6) -> 1.1219622e+10 | I6: =+SUMIFS('DETALLE POR METAS '!O$6:O$344,'DETALLE POR METAS '!G$6:G$344,B6) -> 1.1118674e+10 | J6: =+I6/H6 -> 0.99100259 | K6: =+SUMIFS('DETALLE POR METAS '!Q$6:Q$344,'DETALLE POR METAS '!G$6:G$344,B6) -> 10426563423 | L6: =+SUMIFS('DETALLE POR METAS '!R$6:R$344,'DETALLE POR METAS '!G$6:G$344,B6) -> 10425066341 | M6: =+SUMIFS('DETALLE POR METAS '!S$6:S$344,'DETALLE POR METAS '!G$6:G$344,B6) -> 10425066341 | O6: =+M6/L6 -> 1 | P6: =+SUMIFS('DETALLE POR METAS '!#REF!,'DETALLE POR METAS '!G$6:G$344,B6) -> #REF!
B7: Instituto de Deportes | C7: =+SUMIFS('DETALLE POR METAS '!I$6:I$344,'DETALLE POR METAS '!G$6:G$344,'DETALLE POR SECRETARIAS '!B7) -> 1535170780 | D7: =+SUMIFS('DETALLE POR METAS '!J$6:J$344,'DETALLE POR METAS '!G$6:G$344,B7) -> 1580070780 | E7: =+SUMIFS('DETALLE POR METAS '!K$6:K$344,'DETALLE POR METAS '!G$6:G$344,B7) -> 1580070780 | F7: =+E7/D7 -> 1 | G7: =+SUMIFS('DETALLE POR METAS '!M$6:M$344,'DETALLE POR METAS '!G$6:G$344,B7) -> 4720478045 | H7: =+SUMIFS('DETALLE POR METAS '!N$6:N$344,'DETALLE POR METAS '!G$6:G$344,B7) -> 6406227446 | I7: =+SUMIFS('DETALLE POR METAS '!O$6:O$344,'DETALLE POR METAS '!G$6:G$344,B7) -> 6406227425 | J7: =+I7/H7 -> 1 | K7: =+SUMIFS('DETALLE POR METAS '!Q$6:Q$344,'DETALLE POR METAS '!G$6:G$344,B7) -> 6804380086 | L7: =+SUMIFS('DETALLE POR METAS '!R$6:R$344,'DETALLE POR METAS '!G$6:G$344,B7) -> 5678933620 | M7: =+SUMIFS('DETALLE POR METAS '!S$6:S$344,'DETALLE POR METAS '!G$6:G$344,B7) -> 5678933620 | O7: =+M7/L7 -> 1 | P7: =+SUMIFS('DETALLE POR METAS '!#REF!,'DETALLE POR METAS '!G$6:G$344,B7) -> #REF!
B8: Instituto de Vivienda | C8: =+SUMIFS('DETALLE POR METAS '!I$6:I$344,'DETALLE POR METAS '!G$6:G$344,'DETALLE POR SECRETARIAS '!B8) -> 2922406594 | D8: =+SUMIFS('DETALLE POR METAS '!J$6:J$344,'DETALLE POR METAS '!G$6:G$344,B8) -> 2922406594 | E8: =+SUMIFS('DETALLE POR METAS '!K$6:K$344,'DETALLE POR METAS '!G$6:G$344,B8) -> 1972861285 | F8: =+E8/D8 -> 0.67508104 | G8: =+SUMIFS('DETALLE POR METAS '!M$6:M$344,'DETALLE POR METAS '!G$6:G$344,B8) -> 1158023540 | H8: =+SUMIFS('DETALLE POR METAS '!N$6:N$344,'DETALLE POR METAS '!G$6:G$344,B8) -> 1.2638905e+10 | I8: =+SUMIFS('DETALLE POR METAS '!O$6:O$344,'DETALLE POR METAS '!G$6:G$344,B8) -> 12638904917 | J8: =+I8/H8 -> 1 | K8: =+SUMIFS('DETALLE POR METAS '!Q$6:Q$344,'DETALLE POR METAS '!G$6:G$344,B8) -> 1801700000 | L8: =+SUMIFS('DETALLE POR METAS '!R$6:R$344,'DETALLE POR METAS '!G$6:G$344,B8) -> 1614512569 | M8: =+SUMIFS('DETALLE POR METAS '!S$6:S$344,'DETALLE POR METAS '!G$6:G$344,B8) -> 1614512569 | O8: =+M8/L8 -> 1 | P8: =+SUMIFS('DETALLE POR METAS '!#REF!,'DETALLE POR METAS '!G$6:G$344,B8) -> #REF!
B9: Oficina Asesora de Control Disciplinario | C9: =+SUMIFS('DETALLE POR METAS '!I$6:I$344,'DETALLE POR METAS '!G$6:G$344,'DETALLE POR SECRETARIAS '!B9) -> 0 | D9: =+SUMIFS('DETALLE POR METAS '!J$6:J$344,'DETALLE POR METAS '!G$6:G$344,B9) -> 0 | E9: =+SUMIFS('DETALLE POR METAS '!K$6:K$344,'DETALLE POR METAS '!G$6:G$344,B9) -> 0 | F9: 0 | G9: =+SUMIFS('DETALLE POR METAS '!M$6:M$344,'DETALLE POR METAS '!G$6:G$344,B9) -> 0 | H9: =+SUMIFS('DETALLE POR METAS '!N$6:N$344,'DETALLE POR METAS '!G$6:G$344,B9) -> 0 | I9: =+SUMIFS('DETALLE POR METAS '!O$6:O$344,'DETALLE POR METAS '!G$6:G$344,B9) -> 0 | J9: 0 | K9: =+SUMIFS('DETALLE POR METAS '!Q$6:Q$344,'DETALLE POR METAS '!G$6:G$344,B9) -> 0 | L9: =+SUMIFS('DETALLE POR METAS '!R$6:R$344,'DETALLE POR METAS '!G$6:G$344,B9) -> 0 | M9: =+SUMIFS('DETALLE POR METAS '!S$6:S$344,'DETALLE POR METAS '!G$6:G$344,B9) -> 0 | O9: 0 | P9: =+SUMIFS('DETALLE POR METAS '!#REF!,'DETALLE POR METAS '!G$6:G$344,B9) -> #REF!
B10: Oficina de Control Interno | C10: =+SUMIFS('DETALLE POR METAS '!I$6:I$344,'DETALLE POR METAS '!G$6:G$344,'DETALLE POR SECRETARIAS '!B10) -> 0 | D10: =+SUMIFS('DETALLE POR METAS '!J$6:J$344,'DETALLE POR METAS '!G$6:G$344,B10) -> 0 | E10: =+SUMIFS('DETALLE POR METAS '!K$6:K$344,'DETALLE POR METAS '!G$6:G$344,B10) -> 0 | F10: 0 | G10: =+SUMIFS('DETALLE POR METAS '!M$6:M$344,'DETALLE POR METAS '!G$6:G$344,B10) -> 0 | H10: =+SUMIFS('DETALLE POR METAS '!N$6:N$344,'DETALLE POR METAS '!G$6:G$344,B10) -> 0 | I10: =+SUMIFS('DETALLE POR METAS '!O$6:O$344,'DETALLE POR METAS '!G$6:G$344,B10) -> 0 | J10: 0 | K10: =+SUMIFS('DETALLE POR METAS '!Q$6:Q$344,'DETALLE POR METAS '!G$6:G$344,B10) -> 0 | L10: =+SUMIFS('DETALLE POR METAS '!R$6:R$344,'DETALLE POR METAS '!G$6:G$344,B10) -> 0 | M10: =+SUMIFS('DETALLE POR METAS '!S$6:S$344,'DETALLE POR METAS '!G$6:G$344,B10) -> 0 | O10: 0 | P10: =+SUMIFS('DETALLE POR METAS '!#REF!,'DETALLE POR METAS '!G$6:G$344,B10) -> #REF!
B11: Oficina de Prensa | C11: =+SUMIFS('DETALLE POR METAS '!I$6:I$344,'DETALLE POR METAS '!G$6:G$344,'DETALLE POR SECRETARIAS '!B11) -> 362318503 | D11: =+SUMIFS('DETALLE POR METAS '!J$6:J$344,'DETALLE POR METAS '!G$6:G$344,B11) -> 362318503 | E11: =+SUMIFS('DETALLE POR METAS '!K$6:K$344,'DETALLE POR METAS '!G$6:G$344,B11) -> 2.8486175e+08 | F11: =+E11/D11 -> 0.78621915 | G11: =+SUMIFS('DETALLE POR METAS '!M$6:M$344,'DETALLE POR METAS '!G$6:G$344,B11) -> 530000000 | H11: =+SUMIFS('DETALLE POR METAS '!N$6:N$344,'DETALLE POR METAS '!G$6:G$344,B11) -> 788000000 | I11: =+SUMIFS('DETALLE POR METAS '!O$6:O$344,'DETALLE POR METAS '!G$6:G$344,B11) -> 7.4215064e+08 | J11: =+I11/H11 -> 0.94181553 | K11: =+SUMIFS('DETALLE POR METAS '!Q$6:Q$344,'DETALLE POR METAS '!G$6:G$344,B11) -> 800000000 | L11: =+SUMIFS('DETALLE POR METAS '!R$6:R$344,'DETALLE POR METAS '!G$6:G$344,B11) -> 782630400 | M11: =+SUMIFS('DETALLE POR METAS '!S$6:S$344,'DETALLE POR METAS '!G$6:G$344,B11) -> 782630400 | O11: =+M11/L11 -> 1 | P11: =+SUMIFS('DETALLE POR METAS '!#REF!,'DETALLE POR METAS '!G$6:G$344,B11) -> #REF!
B12: Secretaría Ambiente y Desarrollo Rural | C12: =+SUMIFS('DETALLE POR METAS '!I$6:I$344,'DETALLE POR METAS '!G$6:G$344,'DETALLE POR SECRETARIAS '!B12) -> 8505685803 | D12: =+SUMIFS('DETALLE POR METAS '!J$6:J$344,'DETALLE POR METAS '!G$6:G$344,B12) -> 8495493390 | E12: =+SUMIFS('DETALLE POR METAS '!K$6:K$344,'DETALLE POR METAS '!G$6:G$344,B12) -> 2097458271 | F12: =+E12/D12 -> 0.2468907 | G12: =+SUMIFS('DETALLE POR METAS '!M$6:M$344,'DETALLE POR METAS '!G$6:G$344,B12) -> 6244588650 | H12: =+SUMIFS('DETALLE POR METAS '!N$6:N$344,'DETALLE POR METAS '!G$6:G$344,B12) -> 1.9831911e+10 | I12: =+SUMIFS('DETALLE POR METAS '!O$6:O$344,'DETALLE POR METAS '!G$6:G$344,B12) -> 7.9014507e+09 | J12: =+I12/H12 -> 0.39842104 | K12: =+SUMIFS('DETALLE POR METAS '!Q$6:Q$344,'DETALLE POR METAS '!G$6:G$344,B12) -> 23121891561 | L12: =+SUMIFS('DETALLE POR METAS '!R$6:R$344,'DETALLE POR METAS '!G$6:G$344,B12) -> 5.7114909e+09 | M12: =+SUMIFS('DETALLE POR METAS '!S$6:S$344,'DETALLE POR METAS '!G$6:G$344,B12) -> 5.7450269e+09 | O12: =+M12/L12 -> 1.0058717 | P12: =+SUMIFS('DETALLE POR METAS '!#REF!,'DETALLE POR METAS '!G$6:G$344,B12) -> #REF!
B13: Secretaría de Desarrollo Económico | C13: =+SUMIFS('DETALLE POR METAS '!I$6:I$344,'DETALLE POR METAS '!G$6:G$344,'DETALLE POR SECRETARIAS '!B13) -> 742693681 | D13: =+SUMIFS('DETALLE POR METAS '!J$6:J$344,'DETALLE POR METAS '!G$6:G$344,B13) -> 841706707 | E13: =+SUMIFS('DETALLE POR METAS '!K$6:K$344,'DETALLE POR METAS '!G$6:G$344,B13) -> 839112484 | F13: =+E13/D13 -> 0.9969179 | G13: =+SUMIFS('DETALLE POR METAS '!M$6:M$344,'DETALLE POR METAS '!G$6:G$344,B13) -> 825099999 | H13: =+SUMIFS('DETALLE POR METAS '!N$6:N$344,'DETALLE POR METAS '!G$6:G$344,B13) -> 2.0997882e+09 | I13: =+SUMIFS('DETALLE POR METAS '!O$6:O$344,'DETALLE POR METAS '!G$6:G$344,B13) -> 2.0806538e+09 | J13: =+I13/H13 -> 0.99088749 | K13: =+SUMIFS('DETALLE POR METAS '!Q$6:Q$344,'DETALLE POR METAS '!G$6:G$344,B13) -> 1808600000 | L13: =+SUMIFS('DETALLE POR METAS '!R$6:R$344,'DETALLE POR METAS '!G$6:G$344,B13) -> 993545996 | M13: =+SUMIFS('DETALLE POR METAS '!S$6:S$344,'DETALLE POR METAS '!G$6:G$344,B13) -> 993545996 | O13: =+M13/L13 -> 1 | P13: =+SUMIFS('DETALLE POR METAS '!#REF!,'DETALLE POR METAS '!G$6:G$344,B13) -> #REF!
B14: Secretaría de Educación | C14: =+SUMIFS('DETALLE POR METAS '!I$6:I$344,'DETALLE POR METAS '!G$6:G$344,'DETALLE POR SECRETARIAS '!B14) -> 3392903546 | D14: =+SUMIFS('DETALLE POR METAS '!J$6:J$344,'DETALLE POR METAS '!G$6:G$344,B14) -> 3.3691705e+09 | E14: =+SUMIFS('DETALLE POR METAS '!K$6:K$344,'DETALLE POR METAS '!G$6:G$344,B14) -> 2.9314048e+09 | F14: =+E14/D14 -> 0.87006722 | G14: =+SUMIFS('DETALLE POR METAS '!M$6:M$344,'DETALLE POR METAS '!G$6:G$344,B14) -> 5061454700 | H14: =+SUMIFS('DETALLE POR METAS '!N$6:N$344,'DETALLE POR METAS '!G$6:G$344,B14) -> 6.3691364e+09 | I14: =+SUMIFS('DETALLE POR METAS '!O$6:O$344,'DETALLE POR METAS '!G$6:G$344,B14) -> 6.327843e+09 | J14: =+I14/H14 -> 0.99351664 | K14: =+SUMIFS('DETALLE POR METAS '!Q$6:Q$344,'DETALLE POR METAS '!G$6:G$344,B14) -> 6689461499 | L14: =+SUMIFS('DETALLE POR METAS '!R$6:R$344,'DETALLE POR METAS '!G$6:G$344,B14) -> 5299357677 | M14: =+SUMIFS('DETALLE POR METAS '!S$6:S$344,'DETALLE POR METAS '!G$6:G$344,B14) -> 5299357677 | O14: =+M14/L14 -> 1 | P14: =+SUMIFS('DETALLE POR METAS '!#REF!,'DETALLE POR METAS '!G$6:G$344,B14) -> #REF!
B15: Secretaría de Gobierno y Participación Ciudadana | C15: =+SUMIFS('DETALLE POR METAS '!I$6:I$344,'DETALLE POR METAS '!G$6:G$344,'DETALLE POR SECRETARIAS '!B15) -> 3977119489 | D15: =+SUMIFS('DETALLE POR METAS '!J$6:J$344,'DETALLE POR METAS '!G$6:G$344,B15) -> 3975779489 | E15: =+SUMIFS('DETALLE POR METAS '!K$6:K$344,'DETALLE POR METAS '!G$6:G$344,B15) -> 1.5543563e+09 | F15: =+E15/D15 -> 0.39095636 | G15: =+SUMIFS('DETALLE POR METAS '!M$6:M$344,'DETALLE POR METAS '!G$6:G$344,B15) -> 4819950410 | H15: =+SUMIFS('DETALLE POR METAS '!N$6:N$344,'DETALLE POR METAS '!G$6:G$344,B15) -> 6.7072993e+09 | I15: =+SUMIFS('DETALLE POR METAS '!O$6:O$344,'DETALLE POR METAS '!G$6:G$344,B15) -> 5.3185927e+09 | J15: =+I15/H15 -> 0.79295591 | K15: =+SUMIFS('DETALLE POR METAS '!Q$6:Q$344,'DETALLE POR METAS '!G$6:G$344,B15) -> 6697292400 | L15: =+SUMIFS('DETALLE POR METAS '!R$6:R$344,'DETALLE POR METAS '!G$6:G$344,B15) -> 2.6889897e+09 | M15: =+SUMIFS('DETALLE POR METAS '!S$6:S$344,'DETALLE POR METAS '!G$6:G$344,B15) -> 2.7606647e+09 | O15: =+M15/L15 -> 1.026655 | P15: =+SUMIFS('DETALLE POR METAS '!#REF!,'DETALLE POR METAS '!G$6:G$344,B15) -> #REF!
B16: Secretaría de Hacienda | C16: =+SUMIFS('DETALLE POR METAS '!I$6:I$344,'DETALLE POR METAS '!G$6:G$344,'DETALLE POR SECRETARIAS '!B16) -> 1.555446e+08 | D16: =+SUMIFS('DETALLE POR METAS '!J$6:J$344,'DETALLE POR METAS '!G$6:G$344,B16) -> 151227467 | E16: =+SUMIFS('DETALLE POR METAS '!K$6:K$344,'DETALLE POR METAS '!G$6:G$344,B16) -> 146200800 | F16: =+E16/D16 -> 0.96676089 | G16: =+SUMIFS('DETALLE POR METAS '!M$6:M$344,'DETALLE POR METAS '!G$6:G$344,B16) -> 999000000 | H16: =+SUMIFS('DETALLE POR METAS '!N$6:N$344,'DETALLE POR METAS '!G$6:G$344,B16) -> 1068909494 | I16: =+SUMIFS('DETALLE POR METAS '!O$6:O$344,'DETALLE POR METAS '!G$6:G$344,B16) -> 1.06372e+09 | J16: =+I16/H16 -> 0.99514503 | K16: =+SUMIFS('DETALLE POR METAS '!Q$6:Q$344,'DETALLE POR METAS '!G$6:G$344,B16) -> 1504634253 | L16: =+SUMIFS('DETALLE POR METAS '!R$6:R$344,'DETALLE POR METAS '!G$6:G$344,B16) -> 1.4807977e+09 | M16: =+SUMIFS('DETALLE POR METAS '!S$6:S$344,'DETALLE POR METAS '!G$6:G$344,B16) -> 1.4807977e+09 | O16: =+M16/L16 -> 1 | P16: =+SUMIFS('DETALLE POR METAS '!#REF!,'DETALLE POR METAS '!G$6:G$344,B16) -> #REF!
B17: Secretaría de infraestructura y obras públicas | C17: =+SUMIFS('DETALLE POR METAS '!I$6:I$344,'DETALLE POR METAS '!G$6:G$344,'DETALLE POR SECRETARIAS '!B17) -> 12914457836 | D17: =+SUMIFS('DETALLE POR METAS '!J$6:J$344,'DETALLE POR METAS '!G$6:G$344,B17) -> 1.519309e+10 | E17: =+SUMIFS('DETALLE POR METAS '!K$6:K$344,'DETALLE POR METAS '!G$6:G$344,B17) -> 1.1896864e+10 | F17: =+E17/D17 -> 0.7830444 | G17: =+SUMIFS('DETALLE POR METAS '!M$6:M$344,'DETALLE POR METAS '!G$6:G$344,B17) -> 13550173960 | H17: =+SUMIFS('DETALLE POR METAS '!N$6:N$344,'DETALLE POR METAS '!G$6:G$344,B17) -> 4.7054395e+10 | I17: =+SUMIFS('DETALLE POR METAS '!O$6:O$344,'DETALLE POR METAS '!G$6:G$344,B17) -> 3.9988614e+10 | J17: =+I17/H17 -> 0.84983801 | K17: =+SUMIFS('DETALLE POR METAS '!Q$6:Q$344,'DETALLE POR METAS '!G$6:G$344,B17) -> 2.3026976e+10 | L17: =+SUMIFS('DETALLE POR METAS '!R$6:R$344,'DETALLE POR METAS '!G$6:G$344,B17) -> 1.6978957e+10 | M17: =+SUMIFS('DETALLE POR METAS '!S$6:S$344,'DETALLE POR METAS '!G$6:G$344,B17) -> 1.6986131e+10 | O17: =+M17/L17 -> 1.0004226 | P17: =+SUMIFS('DETALLE POR METAS '!#REF!,'DETALLE POR METAS '!G$6:G$344,B17) -> #REF!
B18: Secretaría de Planeación | C18: =+SUMIFS('DETALLE POR METAS '!I$6:I$344,'DETALLE POR METAS '!G$6:G$344,'DETALLE POR SECRETARIAS '!B18) -> 16151866792 | D18: =+SUMIFS('DETALLE POR METAS '!J$6:J$344,'DETALLE POR METAS '!G$6:G$344,B18) -> 16223366792 | E18: =+SUMIFS('DETALLE POR METAS '!K$6:K$344,'DETALLE POR METAS '!G$6:G$344,B18) -> 1.6295757e+09 | F18: =+E18/D18 -> 0.10044621 | G18: =+SUMIFS('DETALLE POR METAS '!M$6:M$344,'DETALLE POR METAS '!G$6:G$344,B18) -> 6167387151 | H18: =+SUMIFS('DETALLE POR METAS '!N$6:N$344,'DETALLE POR METAS '!G$6:G$344,B18) -> 3.9521289e+10 | I18: =+SUMIFS('DETALLE POR METAS '!O$6:O$344,'DETALLE POR METAS '!G$6:G$344,B18) -> 3.4477904e+10 | J18: =+I18/H18 -> 0.87238814 | K18: =+SUMIFS('DETALLE POR METAS '!Q$6:Q$344,'DETALLE POR METAS '!G$6:G$344,B18) -> 1.2907243e+10 | L18: =+SUMIFS('DETALLE POR METAS '!R$6:R$344,'DETALLE POR METAS '!G$6:G$344,B18) -> 5.6577098e+09 | M18: =+SUMIFS('DETALLE POR METAS '!S$6:S$344,'DETALLE POR METAS '!G$6:G$344,B18) -> 5.6790859e+09 | O18: =+M18/L18 -> 1.0037782 | P18: =+SUMIFS('DETALLE POR METAS '!#REF!,'DETALLE POR METAS '!G$6:G$344,B18) -> #REF!
B19: Secretaría de Salud | C19: =+SUMIFS('DETALLE POR METAS '!I$6:I$344,'DETALLE POR METAS '!G$6:G$344,'DETALLE POR SECRETARIAS '!B19) -> 1.4902692e+10 | D19: =+SUMIFS('DETALLE POR METAS '!J$6:J$344,'DETALLE POR METAS '!G$6:G$344,B19) -> 1.5481114e+10 | E19: =+SUMIFS('DETALLE POR METAS '!K$6:K$344,'DETALLE POR METAS '!G$6:G$344,B19) -> 1.4525763e+10 | F19: =+E19/D19 -> 0.93828925 | G19: =+SUMIFS('DETALLE POR METAS '!M$6:M$344,'DETALLE POR METAS '!G$6:G$344,B19) -> 2.9980784e+10 | H19: =+SUMIFS('DETALLE POR METAS '!N$6:N$344,'DETALLE POR METAS '!G$6:G$344,B19) -> 2.9745743e+10 | I19: =+SUMIFS('DETALLE POR METAS '!O$6:O$344,'DETALLE POR METAS '!G$6:G$344,B19) -> 2.9266984e+10 | J19: =+I19/H19 -> 0.98390495 | K19: =+SUMIFS('DETALLE POR METAS '!Q$6:Q$344,'DETALLE POR METAS '!G$6:G$344,B19) -> 3.5041221e+10 | L19: =+SUMIFS('DETALLE POR METAS '!R$6:R$344,'DETALLE POR METAS '!G$6:G$344,B19) -> 2.416003e+10 | M19: =+SUMIFS('DETALLE POR METAS '!S$6:S$344,'DETALLE POR METAS '!G$6:G$344,B19) -> 2.6523374e+10 | O19: =+M19/L19 -> 1.0978204 | P19: =+SUMIFS('DETALLE POR METAS '!#REF!,'DETALLE POR METAS '!G$6:G$344,B19) -> #REF!
B20: Secretaría de Seguridad y Convivencia Ciudadana | C20: =+SUMIFS('DETALLE POR METAS '!I$6:I$344,'DETALLE POR METAS '!G$6:G$344,'DETALLE POR SECRETARIAS '!B20) -> 4.2502139e+09 | D20: =+SUMIFS('DETALLE POR METAS '!J$6:J$344,'DETALLE POR METAS '!G$6:G$344,B20) -> 4.3502139e+09 | E20: =+SUMIFS('DETALLE POR METAS '!K$6:K$344,'DETALLE POR METAS '!G$6:G$344,B20) -> 3.6327274e+09 | F20: =+E20/D20 -> 0.83506867 | G20: =+SUMIFS('DETALLE POR METAS '!M$6:M$344,'DETALLE POR METAS '!G$6:G$344,B20) -> 2965833153 | H20: =+SUMIFS('DETALLE POR METAS '!N$6:N$344,'DETALLE POR METAS '!G$6:G$344,B20) -> 7.0504862e+09 | I20: =+SUMIFS('DETALLE POR METAS '!O$6:O$344,'DETALLE POR METAS '!G$6:G$344,B20) -> 6.5346079e+09 | J20: =+I20/H20 -> 0.92683082 | K20: =+SUMIFS('DETALLE POR METAS '!Q$6:Q$344,'DETALLE POR METAS '!G$6:G$344,B20) -> 6.1230664e+09 | L20: =+SUMIFS('DETALLE POR METAS '!R$6:R$344,'DETALLE POR METAS '!G$6:G$344,B20) -> 5.2328601e+09 | M20: =+SUMIFS('DETALLE POR METAS '!S$6:S$344,'DETALLE POR METAS '!G$6:G$344,B20) -> 5.2234101e+09 | O20: =+M20/L20 -> 0.9981941 | P20: =+SUMIFS('DETALLE POR METAS '!#REF!,'DETALLE POR METAS '!G$6:G$344,B20) -> #REF!
B21: Secretaría de TIC y CTEI | C21: =+SUMIFS('DETALLE POR METAS '!I$6:I$344,'DETALLE POR METAS '!G$6:G$344,'DETALLE POR SECRETARIAS '!B21) -> 950869604 | D21: =+SUMIFS('DETALLE POR METAS '!J$6:J$344,'DETALLE POR METAS '!G$6:G$344,B21) -> 890187765 | E21: =+SUMIFS('DETALLE POR METAS '!K$6:K$344,'DETALLE POR METAS '!G$6:G$344,B21) -> 8.7655075e+08 | F21: =+E21/D21 -> 0.98468074 | G21: =+SUMIFS('DETALLE POR METAS '!M$6:M$344,'DETALLE POR METAS '!G$6:G$344,B21) -> 935911826 | H21: =+SUMIFS('DETALLE POR METAS '!N$6:N$344,'DETALLE POR METAS '!G$6:G$344,B21) -> 1.6410816e+09 | I21: =+SUMIFS('DETALLE POR METAS '!O$6:O$344,'DETALLE POR METAS '!G$6:G$344,B21) -> 1.5289571e+09 | J21: =+I21/H21 -> 0.93167646 | K21: =+SUMIFS('DETALLE POR METAS '!Q$6:Q$344,'DETALLE POR METAS '!G$6:G$344,B21) -> 1824789000 | L21: =+SUMIFS('DETALLE POR METAS '!R$6:R$344,'DETALLE POR METAS '!G$6:G$344,B21) -> 1.120675e+09 | M21: =+SUMIFS('DETALLE POR METAS '!S$6:S$344,'DETALLE POR METAS '!G$6:G$344,B21) -> 1.2853788e+09 | O21: =+M21/L21 -> 1.1469684 | P21: =+SUMIFS('DETALLE POR METAS '!#REF!,'DETALLE POR METAS '!G$6:G$344,B21) -> #REF!
B22: Secretaría de Tránsito, Transportes y movilidad | C22: =+SUMIFS('DETALLE POR METAS '!I$6:I$344,'DETALLE POR METAS '!G$6:G$344,'DETALLE POR SECRETARIAS '!B22) -> 1652800000 | D22: =+SUMIFS('DETALLE POR METAS '!J$6:J$344,'DETALLE POR METAS '!G$6:G$344,B22) -> 1652800000 | E22: =+SUMIFS('DETALLE POR METAS '!K$6:K$344,'DETALLE POR METAS '!G$6:G$344,B22) -> 9.6012883e+08 | F22: =+E22/D22 -> 0.58091047 | G22: =+SUMIFS('DETALLE POR METAS '!M$6:M$344,'DETALLE POR METAS '!G$6:G$344,B22) -> 1137500000 | H22: =+SUMIFS('DETALLE POR METAS '!N$6:N$344,'DETALLE POR METAS '!G$6:G$344,B22) -> 1.6226615e+09 | I22: =+SUMIFS('DETALLE POR METAS '!O$6:O$344,'DETALLE POR METAS '!G$6:G$344,B22) -> 1.5029836e+09 | J22: =+I22/H22 -> 0.92624591 | K22: =+SUMIFS('DETALLE POR METAS '!Q$6:Q$344,'DETALLE POR METAS '!G$6:G$344,B22) -> 1.7864001e+09 | L22: =+SUMIFS('DETALLE POR METAS '!R$6:R$344,'DETALLE POR METAS '!G$6:G$344,B22) -> 1246445885 | M22: =+SUMIFS('DETALLE POR METAS '!S$6:S$344,'DETALLE POR METAS '!G$6:G$344,B22) -> 1255195885 | O22: =+M22/L22 -> 1.00702 | P22: =+SUMIFS('DETALLE POR METAS '!#REF!,'DETALLE POR METAS '!G$6:G$344,B22) -> #REF!
... B25: Secretaría Jurídica | C25: =+SUMIFS('DETALLE POR METAS '!I$6:I$344,'DETALLE POR METAS '!G$6:G$344,'DETALLE POR SECRETARIAS '!B25) -> 68825861 | D25: =+SUMIFS('DETALLE POR METAS '!J$6:J$344,'DETALLE POR METAS '!G$6:G$344,B25) -> 68825861 | E25: =+SUMIFS('DETALLE POR METAS '!K$6:K$344,'DETALLE POR METAS '!G$6:G$344,B25) -> 68825861 | F25: =+E25/D25 -> 1 | G25: =+SUMIFS('DETALLE POR METAS '!M$6:M$344,'DETALLE POR METAS '!G$6:G$344,B25) -> 122400000 | H25: =+SUMIFS('DETALLE POR METAS '!N$6:N$344,'DETALLE POR METAS '!G$6:G$344,B25) -> 148585000 | I25: =+SUMIFS('DETALLE POR METAS '!O$6:O$344,'DETALLE POR METAS '!G$6:G$344,B25) -> 148584999 | J25: =+I25/H25 -> 0.99999999 | K25: =+SUMIFS('DETALLE POR METAS '!Q$6:Q$344,'DETALLE POR METAS '!G$6:G$344,B25) -> 192000000 | L25: =+SUMIFS('DETALLE POR METAS '!R$6:R$344,'DETALLE POR METAS '!G$6:G$344,B25) -> 181626666 | M25: =+SUMIFS('DETALLE POR METAS '!S$6:S$344,'DETALLE POR METAS '!G$6:G$344,B25) -> 181626666 | O25: =+M25/L25 -> 1 | P25: =+SUMIFS('DETALLE POR METAS '!#REF!,'DETALLE POR METAS '!G$6:G$344,B25) -> #REF!
C26: =+SUM(C5:C25) -> 9.9167556e+10 | D26: =+SUM(D5:D25) -> 1.0398342e+11 | E26: =+SUM(E5:E25) -> 6.816081e+10 | G26: =+SUM(G5:G25) -> 1.0321401e+11 | H26: =+SUM(H5:H25) -> 2.2926365e+11 | I26: =+SUM(I5:I25) -> 1.9728116e+11 | K26: =+SUM(K5:K25) -> 1.8647586e+11 | L26: =+SUM(L5:L25) -> 1.2594134e+11 | M26: =+SUM(M5:M25) -> 1.2863587e+11 | P26: =+SUM(P5:P25) -> #REF!
